 Dungeon Crawl Stone Soup version 0.32-a0-290-g598725c (webtiles) character file.

Game seed: 14443317524052492685

17207062 jagoly the Plane Wriggler (level 27, 224/224 HPs)
             Began as an Octopode Hedge Wizard on Feb 12, 2024.
             Was the Champion of Vehumet.
             Escaped with the Orb
             ... and 15 runes
             ... and 2 gems (1 intact) on Feb 13, 2024!
             The game lasted 12:01:38 (91655 turns).

jagoly the Plane Wriggler (Octopode Hedge Wizard)  Turns: 91655, Time: 12:01:39

Health: 224/224    AC: 10    Str: 17    XL:     27
Magic:  69/72      EV: 26    Int: 47    God:    Vehumet [******]
Gold:   6108       SH:  4    Dex: 18    Spells: 1/80 levels left

rFire   + + +        a - staff of Xibosuj {Fly rF+ Str+3 Stlth+ Conj Fire}
rCold   + + .        Q - orb "Futafo" {*channel, rElec rPois rCorr}
rNeg    . . .        f - +2 hat {SInv}
rPois   +            h - amulet of Trepidation {Regen+ Str+3 Int+6 Dex-3 Slay+2}
rElec   +            S - ring of Deoror {rPois rF+ Will+ Int+2}
rCorr   +            i - +7 ring of protection
SInv    +            s - ring of Sloth {^Drain rF+ Will+ MP+9}
Will    +++++        r - ring of Pint {rPois rF+ rC+ Int+3}
Stlth   ++++         l - ring of Fylufor {rF+ Will+ MP+9}
HPRegen 1.37/turn    U - ring "Zosov" {rF- rC+ Int+2 Dex+5 Stlth+}
MPRegen 0.43/turn    P - ring of Xom's Flight of Fancy {Int+6 Dex+4 Stlth+}
                     Y - ring of Divine Compulsion {rF+ rC+ Slay+3}

%: random rage (3%), channel magic (20%)
@: flying, studying 4 skills
A: almost no armour, amphibious, 8 rings, camouflage 1, gelatinous body 1,
(nimble swimmer 1), tentacles, tentacle spike 2, large bone plates 1, berserk 1,
deterioration 1, poison resistance, screaming 1, wild magic 2, cold
vulnerability 1, MP-powered wands
0: Orb of Zot
}: 15/15 runes: barnacled, slimy, silver, golden, iron, obsidian, icy, bone,
abyssal, demonic, glowing, magical, fiery, dark, gossamer
a: Renounce Religion


You escaped.
You worshipped Vehumet.
Vehumet was exalted by your worship.
You visited 17 branches of the dungeon, and saw 86 of its levels.
You visited Pandemonium 2 times, and saw 22 of its levels.
You visited the Abyss 2 times.
You completed 1 ziggurat, and saw 27 of its levels.
You also visited: Trove, Gauntlet, Ice Cave and Volcano.

You collected 11253 gold pieces.
You spent 5145 gold pieces at shops.

Inventory:

Hand Weapons
 w - the +9 broad axe "Olaekaol" {freeze, Int+3 Dex+3}
   (You found it on level 19 of a ziggurat)

   Int+3:     It affects your intelligence (+3).
   Dex+3:     It affects your dexterity (+3).
Missiles
 x - 2 silver javelins
 L - 15 curare-tipped darts
 Z - a throwing net
Armour
 f - a +2 hat of see invisible (worn)
 Q - the orb "Futafo" (worn) {*channel, rElec rPois rCorr}
   (You took it off Frederick on level 3 of the Crypt)

   rElec:     It insulates you from electricity.
   rPois:     It protects you from poison rCorr: It protects you from acid and
   corrosion.
Magical Staves
 a - the staff of Xibosuj (weapon) {Fly rF+ Str+3 Stlth+ Conj Fire}
   (You found it on level 3 of the Elven Halls)

   [staff of fire]

   Base accuracy: +5 Base damage: 5 Base attack delay: 1.2 This weapon's minimum
   attack delay (0.6) is reached at skill level 12.
   Str+3:     It affects your strength (+3).
   rF+:       It protects you from fire.
   Fly:       It grants you flight.
   Stlth+:    It makes you more stealthy.
   Conj:      It increases the power of your Conjurations spells.
   Fire:      It increases the power of your Fire spells.
   It falls into the 'Staves' category.
   It is a one-tentacled weapon.
 b - the staff "Goblinslayer" {Fly rCorr Int+4 Earth}
   (You found it on level 7 of the Iron City of Dis)

   [staff of earth]

   Base accuracy: +5 Base damage: 5 Base attack delay: 1.2 This weapon's minimum
   attack delay (0.6) is reached at skill level 12.
   Int+4:     It affects your intelligence (+4).
   Fly:       It grants you flight.
   rCorr:     It protects you from acid and corrosion.
   Earth:     It increases the power of your Earth spells.
   It falls into the 'Staves' category.
   It is a one-tentacled weapon.
Jewellery
 h - the amulet of Trepidation (around mantle) {Regen+ Str+3 Int+6 Dex-3 Slay+2}
   (You found it on level 5 of the Pits of Slime)

   [amulet of regeneration]

   Str+3:     It affects your strength (+3).
   Int+6:     It affects your intelligence (+6).
   Dex-3:     It affects your dexterity (-3).
   Slay+2:    It affects your accuracy & damage with ranged weapons and melee
   (+2).
   Regen+:    It increases your rate of health regeneration.
 i - a +7 ring of protection (right tentacle)
 l - the ring of Fylufor (on tentacle) {rF+ Will+ MP+9}
   (You found it in a Gauntlet)

   [ring of willpower]

   rF+:       It protects you from fire.
   Will+:     It increases your willpower.
   MP+9:      It affects your magic capacity (+9).
 r - the ring of Pint (on tentacle) {rPois rF+ rC+ Int+3}
   (You acquired it on level 2 of the Orcish Mines)

   [ring of protection from cold]

   Int+3:     It affects your intelligence (+3).
   rF+:       It protects you from fire.
   rC+:       It protects you from cold.
   rPois:     It protects you from poison
 s - the ring of Sloth (on tentacle) {^Drain rF+ Will+ MP+9}
   (You acquired it on level 2 of the Elven Halls)

   [ring of willpower]

   rF+:       It protects you from fire.
   Will+:     It increases your willpower.
   MP+9:      It affects your magic capacity (+9).
   ^Drain:    It drains your maximum health when unequipped.
 y - the amulet "Pubifas" {RegenMP Dex+6 Stlth+}
   (You found it on level 7 of Gehenna)

   [amulet of magic regeneration]

   RegenMP:   It increases your rate of magic regeneration.
   Dex+6:     It affects your dexterity (+6).
   Stlth+:    It makes you more stealthy.
 P - the ring of Xom's Flight of Fancy (on tentacle) {Int+6 Dex+4 Stlth+}
   (You bought it in a shop on level 9 of the Dungeon)

   [ring of intelligence]

   Int+6:     It affects your intelligence (+6).
   Dex+4:     It affects your dexterity (+4).
   Stlth+:    It makes you more stealthy.
 S - the ring of Deoror (left tentacle) {rPois rF+ Will+ Int+2}
   (You found it on level 15 of the Dungeon)

   [ring of willpower]

   Int+2:     It affects your intelligence (+2).
   rF+:       It protects you from fire.
   rPois:     It protects you from poison Will+: It increases your willpower.
 U - the ring "Zosov" (on tentacle) {rF- rC+ Int+2 Dex+5 Stlth+}
   (You found it on level 8 of a ziggurat)

   [ring of protection from cold]

   Int+2:     It affects your intelligence (+2).
   Dex+5:     It affects your dexterity (+5).
   rF-:       It makes you vulnerable to fire.
   rC+:       It protects you from cold.
   Stlth+:    It makes you more stealthy.
 Y - the ring of Divine Compulsion (on tentacle) {rF+ rC+ Slay+3}
   (You found it in a Gauntlet)

   [ring of protection from fire]

   Slay+3:    It affects your accuracy & damage with ranged weapons and melee
   (+3).
   rF+:       It protects you from fire.
   rC+:       It protects you from cold.
Talismans
 G - a granite talisman
 W - a talisman of death
Wands
 k - a wand of digging (18)
 B - a wand of mindburst (70)
 E - a wand of quicksilver (73) (quivered)
 O - a wand of roots (66)
Scrolls
 e - 16 scrolls of poison
 g - 24 scrolls of teleportation
 m - 9 scrolls of blinking
 n - 6 scrolls of summoning
 o - 12 scrolls of fear
 u - a scroll of revelation
 I - 8 scrolls of amnesia
 J - 30 scrolls of fog
 N - 14 scrolls of immolation
 V - 7 scrolls of enchant armour
Potions
 c - 14 potions of magic
 d - 5 potions of resistance
 j - 34 potions of curing
 p - 2 potions of haste
 q - 5 potions of brilliance
 v - 3 potions of invisibility
 z - 15 potions of heal wounds
 A - 3 potions of ambrosia
 F - 14 potions of cancellation
 H - 22 potions of mutation
 T - 5 potions of might
 X - 15 potions of enlightenment
Miscellaneous
 t - 2 +1 figurines of a ziggurat
 C - a lightning rod (4/4)
 K - a phial of floods
 M - a phantom mirror
 R - a sack of spiders


   Skills:
 O Level 27 Fighting
 - Level 18.0 Axes
 - Level 4.0 Staves
 - Level 20.0 Dodging
 + Level 21.3 Stealth
 - Level 6.0 Shields
 O Level 27 Spellcasting
 - Level 20.0 Conjurations
 - Level 4.0 Hexes
 - Level 1.0 Summonings
 O Level 27 Translocations
 - Level 20.0 Fire Magic
 - Level 2.0 Ice Magic
 - Level 2.0 Air Magic
 O Level 27 Earth Magic
 - Level 10.0 Alchemy
 - Level 18.0 Evocations
 - Level 23.0 Shapeshifting


You had one spell level left.
You knew the following spells:

 Your Spells              Type           Power      Damage    Failure   Level
a - Lehudib's Crystal Sp  Conj/Erth      96%        10d21     1%          8
b - Hailstorm             Conj/Ice       100%       3d16      1%          3
c - Bombard               Conj/Erth      96%        9d15      1%          6
d - Lee's Rapid Deconstr  Erth           86%        3d38*     1%          5
i - Ignition              Fire           92%        3d23      2%          8
n - Eringya's Noxious Bo  Alch           64%        4d6       2%          6
q - Apportation           Tloc           100%       N/A       2%          1
w - Passwall              Erth           100%       N/A       2%          3
x - Starburst             Conj/Fire      100%       6d25      1%          6
y - Yara's Violent Unrav  Hex/Alch       59%        3d22      2%          5
B - Blink                 Tloc           100%       N/A       2%          2
G - Shatter               Erth           86%        3d62*     2%          9
P - Ignite Poison         Fire/Alch      100%       N/A       1%          4
R - Olgreb's Toxic Radia  Alch           100%       N/A       1%          4
T - Irradiate             Conj/Alch      85%        3d40      1%          5
X - Iskenderun's Mystic   Conj/Tloc      100%       2d19      1%          4

Your spell library contained the following spells:

 Spells                   Type           Power      Damage    Failure   Level
 Freeze                   Ice            100%       1d10      1%          1
 Kiss of Death            Conj/Necr      100%       2d13      1%          1
 Magic Dart               Conj           100%       1d8       1%          1
 Sandblast                Erth           100%       2d20      1%          1
 Shock                    Conj/Air       100%       1d9       1%          1
 Sting                    Conj/Alch      100%       1d9       1%          1
 Slow                     Hex            100%       N/A       4%          1
 Summon Small Mammal      Summ           100%       N/A       6%          1
 Necrotise                Necr           100%       1d9       7%          1
 Mercury Vapours          Alch/Air       100%       N/A       1%          2
 Momentum Strike          Conj/Tloc      100%       3d10      1%          2
 Scorch                   Fire           100%       2d9       1%          2
 Searing Ray              Conj           100%       2d8       1%          2
 Static Discharge         Conj/Air       100%       3-8/arc   1%          2
 Dazzling Flash           Conj/Hex       100%       N/A       1%          3
 Inner Flame              Hex/Fire       100%       N/A       1%          3
 Mephitic Cloud           Conj/Alch/Air  100%       N/A       1%          3
 Stone Arrow              Conj/Erth      100%       3d13      1%          3
 Volatile Blastmotes      Fire/Tloc      100%       2d18      1%          3
 Brom's Barrelling Bould  Conj/Erth      100%       2d11      1%          4
 Flame Wave               Conj/Fire      100%       2d21      1%          4
 Fulminant Prism          Conj/Alch      85%        3d35      1%          4
 Sticky Flame             Fire/Alch      100%       2d15      1%          4
 Arcjolt                  Conj/Air       79%        1d89      1%          5
 Fireball                 Conj/Fire      100%       3d36      1%          5
 Freezing Cloud           Conj/Ice/Air   73%        6-21      1%          5
 Orb of Destruction       Conj           92%        9d20      1%          7
 Lesser Beckoning         Tloc           100%       N/A       2%          2
 Frozen Ramparts          Ice            100%       1d16      2%          3
 Gell's Gravitas          Tloc           100%       N/A       2%          3
 Teleport Other           Tloc           100%       N/A       2%          3
 Dimensional Bullseye     Hex/Tloc       73%        N/A       2%          4
 Leda's Liquefaction      Alch/Erth      77%        N/A       2%          4
 Manifold Assault         Tloc           100%       N/A       2%          4
 Passage of Golubria      Tloc           100%       N/A       2%          4
 Petrify                  Alch/Erth      100%       N/A       2%          4
 Vhi's Electric Charge    Tloc/Air       100%       N/A       2%          4
 Summon Forest            Summ/Tloc      71%        N/A       2%          5
 Conjure Ball Lightning   Conj/Air       79%        3x3d30    2%          6
 Dispersal                Tloc           86%        N/A       2%          6
 Plasma Beam              Fire/Air       79%        2x1d96    2%          6
 Airstrike                Air            46%        2d(7-23)  3%          4
 Summon Blazeheart Golem  Fire/Summ      100%       N/A       3%          4
 Borgnjor's Vile Clutch   Necr/Erth      70%        N/A       3%          5
 Disjunction              Tloc           86%        N/A       3%          8
 Cigotuvi's Dreadful Rot  Necr/Alch/Air  100%       N/A       4%          2
 Jinxbite                 Hex            100%       N/A       4%          2
 Ensorcelled Hibernation  Hex/Ice        100%       N/A       5%          2
 Confusing Touch          Hex            100%       N/A       5%          3
 Sigil of Binding         Hex            100%       N/A       5%          3
 Tukima's Dance           Hex            100%       N/A       5%          3
 Alistair's Intoxication  Alch           86%        N/A       5%          5
 Spellforged Servitor     Conj/Summ      78%        N/A       5%          7
 Call Imp                 Summ           100%       N/A       7%          2
 Sublimation of Blood     Necr           79%        N/A       8%          2
 Ozocubu's Armour         Ice            93%        N/A       8%          3
 Summon Ice Beast         Ice/Summ       90%        N/A       8%          3
 Swiftness                Air            93%        N/A       8%          3
 Call Canine Familiar     Summ           86%        N/A       9%          3
 Cause Fear               Hex            52%        N/A       9%          4
 Fugue of the Fallen      Necr           79%        N/A       10%         3
 Vampiric Draining        Necr           79%        2d11      10%         3
 Malign Gateway           Summ/Tloc      71%        N/A       10%         7
 Anguish                  Hex/Necr       46%        N/A       12%         4
 Summon Lightning Spire   Summ/Air       90%        N/A       13%         4
 Martyr's Knell           Necr/Summ      83%        N/A       16%         4
 Metabolic Englaciation   Hex/Ice        49%        N/A       16%         5
 Silence                  Hex/Air        49%        N/A       16%         5
 Animate Dead             Necr           79%        N/A       17%         4
 Dispel Undead            Necr           79%        3d26      17%         4
 Summon Mana Viper        Hex/Summ       95%        N/A       17%         5
 Sculpt Simulacrum        Ice/Alch       56%        N/A       21%         6
 Curse of Agony           Necr           79%        N/A       30%         5
 Summon Cactus Giant      Summ           43%        N/A       56%         6
 Death Channel            Necr           39%        N/A       67%         6
 Enfeeble                 Hex            52%        N/A       69%         7
 Maxwell's Capacitive Co  Air            46%        ∞         92%         8
 Monstrous Menagerie      Summ           43%        N/A       95%         7
 Summon Hydra             Summ           43%        N/A       95%         7
 Haunt                    Necr/Summ      41%        N/A       97%         7
 Discord                  Hex            52%        N/A       99%         8
 Borgnjor's Revivificati  Necr           39%        N/A       100%        8
 Infestation              Necr           39%        N/A       100%        8
 Summon Horrible Things   Summ           43%        N/A       100%        8
 Death's Door             Necr           39%        N/A       100%        9
 Dragon's Call            Summ           43%        N/A       100%        9
 Animate Armour           Summ/Erth      Unusable   N/A       N/A         4

Dungeon Overview and Level Annotations

Branches:
Dungeon (15/15)            Temple (0/1) D:5            Lair (5/5) D:9
 Shoals (4/4) Lair:2       Spider (4/4) Lair:2        Slime (5/5) Lair:5
    Orc (2/2) D:9             Elf (3/3) Orc:2        Vaults (5/5) D:13
  Crypt (3/3) Vaults:2       Tomb (3/3) Crypt:3      Depths (4/4) D:15
   Hell (visited)             Dis (7/7) Hell            Geh (7/7) Hell
    Coc (7/7) Hell            Tar (7/7) Hell            Zot (5/5) Depths:4
  IceCv (visited)         Volcano (visited)         Gauntlet (visited)

Altars:
Dithmenos
Elyvilon
Fedhas
Gozag
Hepliaklqana
Kikubaaqudgha
Makhleb
Nemelex Xobeh
Qazlal
Ru
Trog
Uskayaw
Vehumet
Wu Jian
Xom
Yredelemnul
Zin
The Shining One
Jiyva
Lugonu

Shops:
D:2 (   D:4 [   D:9 =   Orc:2 *?*[   Elf:1 [   Elf:2 *   Vaults:3 (

Portals:
Hell: Depths:1 Depths:2 Depths:3 Depths:4
Abyss: Depths:3 Depths:4
Pandemonium: Depths:2

Annotations:
Lair:5 2 runed translucent doors
Elf:2 3 runed translucent doors
Vaults:3 6 runed translucent doors
Zot:5 2 exclusions


Innate Abilities, Weirdness & Mutations

You cannot wear most types of armour.
You are amphibious.
You can wear up to eight rings at the same time.
Your skin changes colour to match your surroundings (Stealth+).
Your rubbery body absorbs attacks. (AC +1, EV +1)
((You are camouflaged when in or above water. (Stealth+)))
You have tentacles for arms and can constrict up to eight enemies at once.
One of your tentacles bears a nasty spike.
You are partially covered in large bone plates. (SH +4)
You sometimes lose your temper in combat.
Your body sometimes deteriorates upon taking damage.
Your system is resistant to poisons. (rPois)
You occasionally shout uncontrollably at your foes.
Your spells are harder to cast, but more powerful.
You are vulnerable to cold. (rC-)
You expend magic power (3 MP) to strengthen your wands.


Message History

The golden dragon roars deafeningly!
You hear a roar!
A yellow draconian comes into view. It is wielding a +0 battleaxe.
The golden dragon breathes fire at you. The bolt of fire misses you.
The yellow draconian enters a dispersal trap!
The golden dragon blinks! x2; You blink.
The yellow draconian disappears!
Okay, then.
The golden dragon breathes poison at you.
The blast of poison misses you.
Cast which spell? (? or * to list)
Aiming: Lehudib's Crystal Spear (mildly dangerous; 1% risk of failure)
Press: ? - help, Shift-Dir - straight line, f - golden dragon
Aim: a golden dragon (catching its breath, 92% to hit)
You feel a surge of power!
The crystal spear hits the golden dragon!!!!
The golden dragon is almost dead.
Cast which spell? (? or * to list)
Aiming: Lehudib's Crystal Spear (mildly dangerous; 1% risk of failure)
Press: ? - help, Shift-Dir - straight line, f/p - golden dragon
Aim: a golden dragon (poison gas, almost dead, catching its breath, 92% to hit)
You feel a surge of power!
The crystal spear hits the golden dragon!!!!
You kill the golden dragon!
Vehumet accepts your kill.
You feel your power returning.
Your Stealth skill increases to level 20!
You see here a scroll of identify.
You see here a +0 flail.
The yellow draconian misses you.
Cast which spell? (? or * to list)
Aiming: Lehudib's Crystal Spear (mildly dangerous; 1% risk of failure)
Press: ? - help, Shift-Dir - straight line, f - yellow draconian
Aim: a yellow draconian, wielding a +0 battleaxe (87% to hit)
You feel a surge of power!
The crystal spear hits the yellow draconian!!!!
You kill the yellow draconian!
Vehumet accepts your kill.
Things that are here:
a +0 battleaxe; a yellow draconian corpse
Things that are here:
a +0 hand axe; +0 gold dragon scales; a golden dragon corpse
Things that are here:
a +9 club; a Killer Klown corpse
Things that are here:
a +11 club of venom; a +0 battleaxe You see here the Orb of Zot.
You start resting.
You start resting.
Magic restored.
You start resting.
Magic restored.
As you read the scroll of teleportation, it crumbles to dust.
You feel strangely unstable.
You feel the Orb delaying your translocation!
You pick up the Orb of Zot!
The Orb lets out an ear-shattering shriek!
The lords of Pandemonium are not amused.
Beware!
Now all you have to do is get back out of the dungeon!
Your surroundings suddenly seem different.
Unknown command.
What level of the Dungeon? (default 15, ? - help)
You see here a +0 short sword.
An Abesmokk, a lich, a smoke demon and a shadow demon come into view.
You yell at the shadow demon!
Cast which spell? (? or * to list)
Aiming: Lehudib's Crystal Spear (mildly dangerous; 1% risk of failure)
Press: ? - help, Shift-Dir - straight line, f - Abesmokk
Aim: Abesmokk (58% to hit)
You feel a surge of power!
The crystal spear misses Abesmokk.
Magical energy flows into your mind!
Cast which spell? (? or * to list)
Aiming: Lehudib's Crystal Spear (mildly dangerous; 1% risk of failure)
Press: ? - help, Shift-Dir - straight line, f/p - Abesmokk
Aim: Abesmokk (58% to hit)
You feel a surge of power!
The crystal spear hits Abesmokk!!!!
Abesmokk is severely wounded.
Cast which spell? (? or * to list)
Aiming: Lehudib's Crystal Spear (mildly dangerous; 1% risk of failure)
Press: ? - help, Shift-Dir - straight line, f/p - Abesmokk
Aim: Abesmokk (severely wounded, 58% to hit)
You feel a surge of power!
The crystal spear hits Abesmokk!!!!!
You kill Abesmokk!
Vehumet accepts your kill.
You feel your power returning. Magical energy flows into your mind!
Cast which spell? (? or * to list)
Aiming: Lehudib's Crystal Spear (mildly dangerous; 1% risk of failure)
Press: ? - help, Shift-Dir - straight line, f - smoke demon
Aim: a smoke demon (89% to hit)
You feel a surge of power!
The crystal spear hits the smoke demon!!!!!
You kill the smoke demon!
Vehumet accepts your kill.
You feel your power returning.
Cast which spell? (? or * to list)
Aiming: Lehudib's Crystal Spear (mildly dangerous; 1% risk of failure)
Press: ? - help, Shift-Dir - straight line, f - lich
Aim: a lich (87% to hit)
You feel a surge of power!
The crystal spear hits the lich!!!!
The lich is almost destroyed.
An Orb Guardian comes into view.
The shadow demon gestures.
The lich conjures an orb of pure magic.
The wavering orb of destruction weakly hits you!
Cast which spell? (? or * to list)
Aiming: Lehudib's Crystal Spear (mildly dangerous; 1% risk of failure)
Press: ? - help, Shift-Dir - straight line, f/p - lich
Aim: a lich (almost destroyed, 87% to hit)
You feel a surge of power!
The crystal spear hits the lich!!!!
You destroy the lich!
Vehumet accepts your kill.
You feel your power returning.
Cast which spell? (? or * to list)
Aiming: Lehudib's Crystal Spear (mildly dangerous; 1% risk of failure)
Press: ? - help, Shift-Dir - straight line, f - shadow demon
Aim: a shadow demon (84% to hit)
You feel a surge of power!
The crystal spear hits the shadow demon!!!!
You kill the shadow demon!
Vehumet accepts your kill.
You feel your power returning.
The moth of wrath dissolves into shadows!
Cast which spell? (? or * to list)
Aiming: Lehudib's Crystal Spear (mildly dangerous; 1% risk of failure)
Press: ? - help, Shift-Dir - straight line, f - Orb Guardian
Aim: an Orb Guardian (82% to hit)
You feel a surge of power!
The crystal spear misses the Orb Guardian.
The Orb Guardian hits you but does no damage.
Cast which spell? (? or * to list)
Aiming: Lehudib's Crystal Spear (mildly dangerous; 1% risk of failure)
Press: ? - help, Shift-Dir - straight line, f/p - Orb Guardian
Aim: an Orb Guardian (82% to hit)
You feel a surge of power!
The crystal spear hits the Orb Guardian!!!!
You kill the Orb Guardian!
Vehumet accepts your kill.
You feel your power returning.
You begin untransforming.
You continue untransforming. x2
HP restored.
You continue untransforming.
You revert to your normal fleshy form.
What level of the Dungeon? (default 1, ? - help)
Things that are here:
a +0 trident; a green draconian skeleton
There is a stone staircase leading up here.
You fly upwards.
There is a stone staircase leading down here.
There is a stone staircase leading up here.
Things that are here:
a +0 cloak of poison resistance; a +3 battleaxe of freezing You fly upwards.
There is a stone staircase leading down here.
A smoke demon and 2 hellwings come into view.
Cast which spell? (? or * to list)
Aiming: Lehudib's Crystal Spear (mildly dangerous; 1% risk of failure)
Press: ? - help, Shift-Dir - straight line, f - hellwing
Aim: a hellwing (wandering, hasn't noticed you, 87% to hit)
You feel a surge of power!
The crystal spear hits the hellwing!!!!
You kill the hellwing!
Vehumet accepts your kill.
You feel your power returning.
Cast which spell? (? or * to list)
Aiming: Lehudib's Crystal Spear (mildly dangerous; 1% risk of failure)
Press: ? - help, Shift-Dir - straight line, f - smoke demon
Aim: a smoke demon (89% to hit)
You feel a surge of power!
The crystal spear hits the smoke demon!!!!
You kill the smoke demon!
Vehumet accepts your kill.
Cast which spell? (? or * to list)
Aiming: Lehudib's Crystal Spear (mildly dangerous; 1% risk of failure)
Press: ? - help, Shift-Dir - straight line, f - hellwing
Aim: a hellwing (87% to hit)
You feel a surge of power!
The crystal spear hits the hellwing!!!!
You kill the hellwing!
Vehumet accepts your kill.
You feel your power returning. Magical energy flows into your mind!
A smoke demon comes into view. x2
Cast which spell? (? or * to list)
Aiming: Lehudib's Crystal Spear (mildly dangerous; 1% risk of failure)
Press: ? - help, Shift-Dir - straight line, f - smoke demon
Aim: a smoke demon (89% to hit)
You feel a surge of power!
The crystal spear hits the smoke demon!!!!
You kill the smoke demon!
Vehumet accepts your kill.
You feel your power returning.
You see here a +4 hand axe.
There is a stone staircase leading up here.
You fly upwards.
There is a stone staircase leading down here.
What level of the Dungeon? (default 1, ? - help)
Things that are here:
a +1 cloak; a +0 long sword You see here a +0 battleaxe.
You see here a +0 dire flail.
There is a stone staircase leading up here.
You fly upwards.
There is a stone staircase leading down here.
There is an open door here.
There is a gate leading back out of this place here.
You fly up through the gate.
Welcome back to the Depths!
There is a gate to the Realm of Zot, spattered with blood here.
Things that are here:
a +0 flail; a red draconian skeleton
There is an open door here.
There is an open door here.
Magic restored.
There is a stone staircase leading up here.
You fly upwards.
There is a stone staircase leading down here.
Things that are here:
a +0 chain mail; a +3 scimitar You see here 4 large rocks.
Magic restored.
There is a stone staircase leading up here.
You fly upwards.
There is a stone staircase leading down here.
Things that are here:
a +1 great sword of flaming; a fire giant skeleton A Tzitzimitl comes into view.
Things that are here:
a +1 great sword of flaming; a fire giant skeleton Cast which spell? (? or * to list)
Aiming: Lehudib's Crystal Spear (mildly dangerous; 1% risk of failure)
Press: ? - help, Shift-Dir - straight line, f - Tzitzimitl
Aim: a Tzitzimitl (78% to hit)
You feel a surge of power!
The crystal spear hits the Tzitzimitl!!!!
You kill the Tzitzimitl!
Vehumet accepts your kill.
You feel your power returning.
What level of the Dungeon? (default 1, ? - help)
Things that are here:
a +0 robe; a +0 dagger Magic restored.
Things that are here:
a +0 buckler; a +0 robe; a +2 quick blade of electrocution
Things that are here:
a +2 buckler; a +0 spear Key pressed, stopping travel.
Unknown command.
A rakshasa comes into view. It is wielding a +0 trident.
A reaper comes into view. It is wielding a +1 scythe of freezing.
There is a stone staircase leading up here.
You fly upwards.
There is a stone staircase leading down here.
What level of the Dungeon? (default 1, ? - help)
An orange demon comes into view.
The orange demon screeches!
You float gracefully downwards.
You feel stronger.
You fly up into the air.
a - the staff of Xibosuj (weapon)
{Fly rF+ Str+3 Stlth+ Conj Fire}
There is an open door here.
Cast which spell? (? or * to list)
Aiming: Lehudib's Crystal Spear (mildly dangerous; 1% risk of failure)
Press: ? - help, Shift-Dir - straight line, f - orange demon
Aim: an orange demon (92% to hit)
You feel a surge of power!
The crystal spear hits the orange demon!!!!
You kill the orange demon!
Vehumet accepts your kill.
You feel your power returning.
What level of the Dungeon? (default 1, ? - help) Magic restored.
A lorocyproca comes into view.
Cast which spell? (? or * to list)
Aiming: Lehudib's Crystal Spear (mildly dangerous; 1% risk of failure)
Press: ? - help, Shift-Dir - straight line, f - lorocyproca
Aim: a lorocyproca (slightly transparent, 83% to hit)
You feel a surge of power!
The crystal spear hits the lorocyproca!!!!
You kill the lorocyproca!
Vehumet accepts your kill.
You feel your power returning.
What level of the Dungeon? (default 1, ? - help)
An Orb Guardian comes into view.
Cast which spell? (? or * to list)
Aiming: Lehudib's Crystal Spear (mildly dangerous; 1% risk of failure)
Press: ? - help, Shift-Dir - straight line, f - Orb Guardian
Aim: an Orb Guardian (82% to hit)
You feel a surge of power!
The crystal spear hits the Orb Guardian!!!!
You kill the Orb Guardian!
Vehumet accepts your kill.
You feel your power returning.
What level of the Dungeon? (default 1, ? - help)
An Orb Guardian comes into view.
Cast which spell? (? or * to list)
Aiming: Lehudib's Crystal Spear (mildly dangerous; 1% risk of failure)
Press: ? - help, Shift-Dir - straight line, f - Orb Guardian
Aim: an Orb Guardian (82% to hit)
You feel a surge of power!
The crystal spear hits the Orb Guardian!!!!!
You kill the Orb Guardian!
Vehumet accepts your kill.
You feel your power returning.
What level of the Dungeon? (default 1, ? - help)
There is an open door here.
An Orb Guardian comes into view.
Cast which spell? (? or * to list)
Aiming: Lehudib's Crystal Spear (mildly dangerous; 1% risk of failure)
Press: ? - help, Shift-Dir - straight line, f - Orb Guardian
Aim: an Orb Guardian (82% to hit)
You feel a surge of power!
The crystal spear hits the Orb Guardian!!!!
You kill the Orb Guardian!
Vehumet accepts your kill.
You feel your power returning.
Your Stealth skill increases to level 21!
What level of the Dungeon? (default 1, ? - help)
There is a staircase back to the Dungeon here.
You fly upwards.
Welcome back to the Dungeon!
There is a staircase to the Depths here.
Things that are here:
a +1 hat of willpower; a scroll of enchant armour; the +11 Singing Sword {sonic wave}
There is a stone staircase leading up here.
You fly upwards.
There is a stone staircase leading down here.
Magic restored.
There is a stone staircase leading up here.
You fly upwards.
There is a stone staircase leading down here.
You see here a shapeshifter skeleton.
There is a stone staircase leading up here.
You fly upwards.
There is a stone staircase leading down here.
There is an open door here.
There is an open door here.
A neqoxec comes into view.
You yell at the neqoxec!
Cast which spell? (? or * to list)
Aiming: Lehudib's Crystal Spear (mildly dangerous; 1% risk of failure)
Press: ? - help, Shift-Dir - straight line, f - neqoxec
Aim: a neqoxec (83% to hit)
You feel a surge of power!
The crystal spear hits the neqoxec!!!!
You kill the neqoxec!
Vehumet accepts your kill.
You feel your power returning.
What level of the Dungeon? (default 1, ? - help) Magic restored.
There is an escape hatch in the floor here.
There is a stone staircase leading up here.
You fly upwards.
There is a stone staircase leading down here.
There is a stone staircase leading up, spattered with blood here.
You fly upwards.
There is a stone staircase leading down here.
A profane servitor comes into view. It is wielding a +1 whip.
You yell at the profane servitor!
There is a stone staircase leading up here.
You fly upwards.
There is a stone staircase leading down here.
What level of the Dungeon? (default 1, ? - help)
There is an open door here.
There is an open door here.
You see here a +0 ring mail.
Items here: )) [[.
There is a stone staircase leading up, spattered with blood here.
You fly upwards.
There is a stone staircase leading down here.
Items here: )) [ ÷.
There is a stone staircase leading up here.
You fly upwards.
There is a stone staircase leading down here.
You see here a centaur skeleton.
You see here a +1 antimagic shortbow.
You see here a steam dragon skeleton.
You see here a +0 cloak.
You see here a bullfrog skeleton.
An Orb Guardian comes into view.
Cast which spell? (? or * to list)
Okay, then.
Cast which spell? (? or * to list)
Aiming: Lehudib's Crystal Spear (mildly dangerous; 1% risk of failure)
Press: ? - help, Shift-Dir - straight line, f - Orb Guardian
Aim: an Orb Guardian (82% to hit)
You feel a surge of power!
The crystal spear hits the Orb Guardian!!!!
You kill the Orb Guardian!
Vehumet accepts your kill.
You feel your power returning.
What level of the Dungeon? (default 1, ? - help) Magic restored.
Things that are here:
a +0 robe; a +2 long sword You see here a bullfrog skeleton.
There is a stone staircase leading up here.
You fly upwards.
There is a stone staircase leading down here.
A hellion comes into view.
The hellion gestures at you.
The sphere of damnation explodes!
The damnation engulfs you!!
An ice devil comes into view.
There is an open door here.
Cast which spell? (? or * to list)
Aiming: Lehudib's Crystal Spear (mildly dangerous; 1% risk of failure)
Press: ? - help, Shift-Dir - straight line, f - hellion
Aim: a hellion (87% to hit)
You feel a surge of power!
The crystal spear hits the hellion!!!
You kill the hellion!
Vehumet accepts your kill.
You feel your power returning.
Cast which spell? (? or * to list)
Aiming: Lehudib's Crystal Spear (mildly dangerous; 1% risk of failure)
Press: ? - help, Shift-Dir - straight line, f - ice devil
Aim: an ice devil (87% to hit)
You feel a surge of power!
The crystal spear hits the ice devil!!!!
You kill the ice devil!
Vehumet accepts your kill.
You feel your power returning.
What level of the Dungeon? (default 1, ? - help)
You see here an adder skeleton.
There is a stone staircase leading up here.
You fly upwards.
HP restored.
There is a stone staircase leading down here.
Magic restored.
A Pumedu Qico, a large abomination and 2 small abominations come into view.
Cast which spell? (? or * to list)
Aiming: Lehudib's Crystal Spear (mildly dangerous; 1% risk of failure)
Press: ? - help, Shift-Dir - straight line, f - Pumedu Qico
Aim: Pumedu Qico (99% to hit)
You feel a surge of power!
The crystal spear hits Pumedu Qico!!!!
Pumedu Qico is heavily wounded.
Magical energy flows into your mind!
Cast which spell? (? or * to list)
Aiming: Lehudib's Crystal Spear (mildly dangerous; 1% risk of failure)
Press: ? - help, Shift-Dir - straight line, f/p - Pumedu Qico
Aim: Pumedu Qico (heavily wounded, 99% to hit)
You feel a surge of power!
The crystal spear hits Pumedu Qico!!!!
You kill Pumedu Qico!
Vehumet accepts your kill.
You feel your power returning.
The small abomination completely misses you.
Cast which spell? (? or * to list)
Casting: Ignition (dangerous; 2% risk of failure)
Press: ? - help, Dir - look around, f - activate You feel a surge of power!
The air bursts into flame!
The fireball engulfs the large abomination!!
The large abomination is severely damaged.
The fireball engulfs the small abomination!!!
You destroy the small abomination!
Vehumet accepts your kill.
You feel your power returning.
The fireball engulfs the small abomination!!!
You destroy the small abomination!
Vehumet accepts your kill.
You feel your power returning.
Cast which spell? (? or * to list)
Aiming: Lehudib's Crystal Spear (mildly dangerous; 1% risk of failure)
Press: ? - help, Shift-Dir - straight line, f - large abomination
Aim: a large abomination (severely damaged, 94% to hit)
You feel a surge of power!
The crystal spear hits the large abomination!!!!
You destroy the large abomination!
Vehumet accepts your kill.
You feel your power returning.
What level of the Dungeon? (default 1, ? - help)
There is a stone staircase leading up here.
You fly upwards.
There is a stone staircase leading down here.
There is a stone staircase leading up here.
You fly upwards.
There is a stone staircase leading down here.
Magic restored.
A lorocyproca comes into view.
Cast which spell? (? or * to list)
Aiming: Lehudib's Crystal Spear (mildly dangerous; 1% risk of failure)
Press: ? - help, Shift-Dir - straight line, f - lorocyproca
Aim: a lorocyproca (wandering, slightly transparent, hasn't noticed you, 83% to hit)
You feel a surge of power!
The crystal spear hits the lorocyproca!!!!
You kill the lorocyproca!
Vehumet accepts your kill.
You feel your power returning.
What level of the Dungeon? (default 1, ? - help)
There is a stone staircase leading up here.
You fly upwards.
There is a stone staircase leading down here.
There is a stone staircase leading up here.
You fly upwards.
There is a stone staircase leading down here.
You see here a rat skeleton.
You see here a kobold skeleton.
There is a staircase leading out of the dungeon here.
Okay, then.
Okay, then.
You start memorising the spell.
You continue memorising. x3
You finish memorising.
Spell assigned to 'b'.
Cast which spell? (? or * to list)
Okay, then.
Cast which spell? (? or * to list)
You can't see any susceptible monsters within range! (Use Z to cast anyway.) Cast which spell? (? or * to list)
Casting: Hailstorm (safe; 1% risk of failure)
Press: ? - help, Dir - look around, f - activate You feel a surge of power!
A cannonade of hail descends around you!
You have escaped!

..........#.#.†.......#.#.#.#####
........#.#.#########.#.#.#.#
.#.#.#..#.#.#...#.......'.#.#
.......##.#.#.#.#.#####.#.#.#
.#.#.#.##.#...#...†...#...#.#
.......##.##############.##.#####
.#.#.#.##.#...............#......
.......##.#.##.###.##.###.#......
.#.#.#....#.....@#.#......##.###.
.......####################..# #.
##.##..# #.....# #..#### #.
...##.## ##...## #..######.
##.##..## ##'## #.........
#.###..### #.# ##.#######
#.##.....## #.# #.# #
#.##.#.#..####.###### #.# #
#...................# #.# #


There were no monsters in sight!

Vanquished Creatures
  Cerebov (Pan)
  Antaeus (Coc:7)
  the Royal Jelly (Slime:5)
  Asmodeus (Geh:7)
  Ereshkigal (Tar:7)
  Ignacio (Pan)
  Gloorx Vloq (Pan)
  Mnoleg (Pan)
  Lom Lobon (Pan)
  the Serpent of Hell (Coc:7)
  Frederick (Crypt:3)
  12 dread liches
  Mennas (Pan)
  2 orbs of fire (Zot:5)
  10 ancient liches
  Xtahua (Crypt:2)
  A juggernaut (Dis:7)
  Sojobo (Crypt:2)
  22 royal mummies
  45 pandemonium lords
  Boris (Crypt:2)
  Margery (Depths:4)
  19 Killer Klowns
  The ghost of Izusibb the Metallomancer, a veteran DjCj of Makhleb (Vaults:3)
  15 shard shrikes
  27 caustic shrikes
  2 curse toes
  Geryon (Hell)
  Jory (Vaults:5)
  15 golden dragons
  10 profane servitors
  19 bone dragons
  A shard shrike zombie (Tar:7)
  13 hellephants
  5 electric golems
  9 doom hounds
  A spectral shard shrike (Tar:5)
  14 iron giants
  Jorgrun (Spider:1)
  Zenata (Vaults:4)
  16 Tzitzimimeh
  16 Brimstone Fiends
  A shard shrike skeleton (Tar:7)
  15 tentacled monstrosities
  29 Ice Fiends
  Rupert (Spider:1)
  Mlioglotl (Shoals:1)
  29 Hell Sentinels
  2 walking crystal tomes (Depths:3)
  29 Orb Guardians
  6 liches
  19 titans
  13 sphinxes
  5 quicksilver dragons
  14 tainted leviathans
  9 deep elf master archers
  A walking divine tome (Depths:3)
  7 deep elf blademasters
  16 searing wretches
  7 death cobs
  27 ancient champions
  Kirke (Lair:4)
  35 acid blobs
  23 storm dragons
  5 tentacled starspawn
  A kraken (Shoals:1)
  Agnes (D:15)
  15 Executioners
  13 shadow dragons
  12 tengu reavers
  4 revenants
  Roxanne (Shoals:3)
  Ilsuiw (Shoals:3)
  An azure jelly (shapeshifter) (Zig:19)
  2 fire giants (shapeshifter) (Zig:25)
  34 nagarajas
  2 draconian monks (Zot:1)
  3 emperor scorpions
  15 fire giants
  10 demonspawn warmongers
  21 azure jellies
  2 fenstrider witches (Pan)
  3 draconian shifters
  25 narguns
  19 protean progenitors
  4 draconian knights
  14 frost giants
  18 rockslimes
  7 draconian scorchers
  6 ghouls
  10 iron dragons
  An angel (Shoals:4)
  17 vault wardens
  3 caustic shrike zombies
  8 deep elf sorcerers
  A spectral caustic shrike (Tar:7)
  18 quicksilver elementals
  35 balrugs
  19 ghost moths
  11 shard shrike simulacra
  3 curse skulls
  27 cacodemons
  A juggernaut zombie (Hell)
  6 spriggan defenders
  4 juggernaut skeletons
  4 demonspawn corrupters
  An orc warlord (Vaults:1)
  20 quicksilver oozes
  7 deep elf elementalists
  33 ironbound preservers
  20 stone giants
  16 reapers
  6 caustic shrike skeletons
  18 elemental wellsprings
  9 demonspawn blood saints
  11 formless jellyfish
  7 broodmothers
  12 ironbound thunderhulks
  A stone giant (shapeshifter) (Zig:19)
  14 draconian annihilators
  16 deep elf demonologists
  11 putrid mouths
  33 very ugly things
  9 demonspawn black suns (Pan)
  8 black draconians
  Nessos (Lair:4)
  8 deep elf death magi
  An apis (Shoals:4)
  6 green draconians
  2 spectral titans
  17 lorocyprocas
  A minotaur (Gauntlet)
  13 vampire knights
  8 purple draconians
  3 bunyips (Zig:8)
  13 red draconians
  28 war gargoyles
  A minotaur (shapeshifter) (Zig:18)
  A dire elephant (shapeshifter) (Zig:25)
  22 bennus
  13 dire elephants
  27 wendigos
  14 deep elf annihilators
  8 white draconians
  18 spark wasps
  14 yellow draconians
  Snorg (Orc:1)
  11 eidola
  12 blizzard demons
  2 crystal guardians
  7 green deaths
  5 fire dragons
  13 jiangshi (Crypt:3)
  23 mummy priests
  14 ettins
  7 merfolk javelineers
  Josephine (Lair:4)
  A kraken zombie (Hell)
  15 iron golems
  18 yaktaur captains
  16 entropy weavers
  14 merfolk impalers
  9 great orbs of eyes
  A spectral spriggan (Tar:2)
  A spectral fenstrider witch (Tar:1)
  21 deep elf high priests
  5 rakshasas
  11 ice dragons
  47 salamander tyrants
  14 caustic shrike simulacra
  An Orb Guardian zombie (Crypt:2)
  4 peacekeepers
  7 juggernaut simulacra
  2 ghost crabs
  4 jorogumos
  5 stokers
  9 hydras
  3 merfolk avatars
  4 hell beasts
  7 ironbound frosthearts
  6 ogre magi
  5 catoblepae
  27 vault guards
  3 centaur warriors (Vaults:2)
  6 spriggan air magi
  A sphinx zombie (Depths:4)
  9 merfolk aquamancers
  9 boulder beetles
  2 death knights (Crypt:3)
  8 radroaches
  30 dancing weapons
  8 anacondas
  17 death yaks
  10 deep troll shamans
  A death yak (shapeshifter) (Zig:18)
  A titan zombie (Hell)
  44 death scarabs
  5 naga warriors
  5 satyrs
  A spectral dire elephant (Tar:5)
  5 thrashing horrors
  2 two-headed ogres (shapeshifter) (Zig:19)
  10 deep troll earth magi
  7 naga sharpshooters
  19 two-headed ogres
  The ghost of Nysigunk the Covert, a journeyman VSBr of Uskayaw (D:11)
  4 spriggan berserkers
  3 tengu warriors
  16 demonic crawlers
  30 hell hogs
  6 vampire magi
  An orc high priest (Elf:3)
  A shock serpent (shapeshifter) (Vaults:5)
  29 hell knights
  An occultist (Depths:2)
  12 spriggans
  Sonja (D:13)
  28 soul eaters
  3 titan skeletons (Crypt:1)
  A storm dragon zombie (D:15)
  12 crystal echidnas
  10 shock serpents
  A fire crab (shapeshifter) (Zig:19)
  10 skysharks
  16 deep elf knights
  52 sun demons
  41 skeletal warriors
  6 wretched stars
  A spectral bunyip (Tar:1)
  3 cherubim (Shoals:4)
  A goliath frog (Zig:8)
  15 iron trolls
  3 salamander mystics
  29 sixfirhies
  A hellephant skeleton (Pan)
  An iron troll (shapeshifter) (Zig:19)
  2 golden dragon zombies
  28 large abominations
  An iron giant zombie (Tar:7)
  10 pharaoh ants
  A spatial maelstrom (Abyss:3)
  2 deep trolls (shapeshifter)
  32 shadow wraiths
  3 spark wasp zombies
  A sea snake (shapeshifter) (Zig:18)
  90 deep trolls
  21 sea snakes
  4 quicksilver dragon simulacra
  7 shadow demons
  8 orb spiders
  2 anaconda zombies
  A bog body (Zig:8)
  7 spriggan druids
  5 sun moths
  4 mana vipers
  A naga ritualist (Zig:20)
  11 arcanists
  3 spriggan simulacra
  2 orange crystal statues
  A lindwurm (shapeshifter) (Zig:25)
  A swamp dragon (shapeshifter) (Zig:25)
  22 deep elf archers
  15 necromancers
  A bunyip skeleton (Tomb:3)
  A shadow dragon zombie (Hell)
  A glowing orange brain (shapeshifter) (Vaults:5)
  6 glowing orange brains
  11 flayed ghosts
  20 ironbound convokers
  12 phantasmal warriors
  Pikel (D:8)
  2 obsidian statues (Zot:5)
  A fenstrider witch simulacrum (Coc:1)
  8 lindwurms
  2 anaconda skeletons
  36 deep elf pyromancers
  An iron giant skeleton (Tar:7)
  5 orc knights
  13 harpies
  25 wolf spiders
  A stone giant zombie (Tomb:1)
  4 orb spiders (shapeshifter)
  An orc sorcerer (Orc:1)
  32 deep elf zephyrmancers
  2 iron dragon zombies
  2 shining eyes (shapeshifter)
  3 cyclopes
  A frost giant zombie (Hell)
  13 steelbarb worms
  15 shining eyes
  2 fire giant zombies (Hell)
  A manticore (shapeshifter) (Zig:25)
  3 fauns (shapeshifter)
  4 alligator zombies (Hell)
  A wolf spider (shapeshifter) (Zig:25)
  8 fauns
  45 ugly things
  A moth of wrath (shapeshifter) (Zig:18)
  10 salamanders
  18 elephants
  13 manticores
  28 moths of wrath
  2 alligator skeletons
  3 worldbinders
  Maurice (D:7)
  2 naga zombies
  12 meliai
  8 merfolk sirens
  12 vault sentinels
  A guardian serpent (shapeshifter) (Zig:25)
  A black mamba (shapeshifter) (Abyss:3)
  6 apocalypse crabs
  An iron dragon skeleton (Abyss:1)
  2 centaur zombies
  A dire elephant zombie (Hell)
  A kobold blastminer (Orc:2)
  3 spectral centaurs (Tar:1)
  29 smoke demons
  43 black mambas
  An eleionoma skeleton (Crypt:1)
  14 guardian serpents
  9 naga magi
  10 molten gargoyles
  An eye of devastation (shapeshifter) (Zig:18)
  3 titan simulacra
  An ice statue (IceCv)
  A water nymph (shapeshifter) (Zig:18)
  7 rust devils
  A cane toad (shapeshifter) (D:13)
  A centaur skeleton (Hell)
  13 water nymphs
  21 orange demons
  A torpor snail (shapeshifter) (Vaults:5)
  12 torpor snails
  An elephant slug zombie (Crypt:1)
  3 gargoyles
  8 rime drakes
  An unseen horror (D:11)
  A shock serpent skeleton (Crypt:1)
  24 cane toads
  4 eyes of devastation
  A bunyip simulacrum (Coc:1)
  2 alligator snapping turtle skeletons (Hell)
  A kobold demonologist (D:14)
  An unseen horror zombie (Crypt:1)
  23 tormentors
  16 ice devils
  6 efreet
  36 hellions
  41 yaktaurs
  14 komodo dragons
  3 ancient zymes (Abyss:3)
  2 harpy zombies
  11 freezing wraiths
  20 hellwings
  7 anaconda simulacra
  46 guardian mummies
  A spectral harpy (Tar:5)
  3 tengu conjurers
  2 spectral nagas
  4 golden dragon simulacra
  5 red devils (Pan)
  4 iron giant simulacra
  A silent spectre (Tar:7)
  3 sea snake skeletons (Hell)
  A burning bush (Lair:1)
  A hydra zombie (Hell)
  21 merfolk
  A shadow dragon simulacrum (Coc:1)
  A queen bee (shapeshifter) (D:13)
  10 polar bears
  A bloated husk (Zig:8)
  4 trolls
  A wolf spider simulacrum (D:15)
  A troll (shapeshifter) (D:13)
  6 tyrant leeches (Spider:4)
  14 hornets
  A moth of wrath zombie (Crypt:1)
  An ettin zombie (Hell)
  11 wind drakes
  14 tarantellas
  4 spriggan zombies
  2 raiju (Abyss:3)
  8 snapping turtles
  14 dream sheep
  A dream sheep (shapeshifter) (Zig:19)
  11 glass eyes
  An ice dragon zombie (Crypt:1)
  A harpy skeleton (Hell)
  A merfolk (shapeshifter) (Zig:18)
  16 blink frogs
  3 stone giant simulacra
  7 iron dragon simulacra
  A snapping turtle (shapeshifter) (Zig:25)
  A glass eye (shapeshifter) (Zig:25)
  110 slime creatures
  8 shadows
  Sigmund (D:6)
  33 jumping spiders
  19 water elementals
  21 culicivoras
  12 wraiths
  14 small abominations
  29 ynoxinuls
  9 air elementals
  11 dire elephant simulacra
  3 ettin skeletons
  9 naga simulacra
  5 wyverns
  2 tyrant leech zombies
  6 fire elementals
  Grum (D:8)
  8 ushabtiu
  2 fire bats
  3 hogs (Lair:4)
  2 humans (Lair:4)
  A wyvern (shapeshifter) (D:15)
  65 yaks
  10 basilisks
  A human (shapeshifter) (Elf:3)
  4 wargs
  53 redbacks
  17 neqoxecs
  4 steam dragons
  4 golden eyes
  20 starcursed masses
  9 vampire mosquitoes
  An alligator snapping turtle simulacrum (Tomb:2)
  28 chaos spawn
  13 nagas
  14 harpy simulacra
  2 deep troll zombies (Crypt:2)
  A tengu zombie (Hell)
  19 water moccasins
  An acid dragon (D:14)
  10 hell hounds
  2 iron troll simulacra (Crypt:2)
  A glowing shapeshifter skeleton (Crypt:2)
  A swamp drake (Zig:8)
  A meliai simulacrum (D:14)
  A merfolk simulacrum (Crypt:1)
  A naga skeleton (Hell)
  A sky beast (shapeshifter) (Zig:18)
  4 black bears
  27 orc warriors
  2 sky beasts
  4 ettin simulacra
  15 ogres
  9 boggarts
  36 laughing skulls
  7 centaurs
  23 wolves
  4 lemures (D:8)
  2 kobold brigands
  3 weeping skulls
  A brain worm (Abyss:1)
  14 bullfrogs
  9 earth elementals
  A glowing shapeshifter simulacrum (Zig:27)
  5 necrophages
  A scorpion (D:5)
  14 wights
  4 burial acolytes (Crypt:3)
  12 killer bees
  A howler monkey (D:8)
  3 electric eels
  5 lava snakes (Lair:5)
  3 iron imps
  14 orc priests
  3 bombardier beetles
  A gnoll bouda (D:6)
  3 hounds (D:5)
  4 quasits
  4 iguanas
  A jelly (D:4)
  41 orc wizards
  A sleepcap (D:5)
  A human skeleton (Crypt:1)
  4 hell rats (Hell)
  A brain worm zombie (Crypt:2)
  A tengu skeleton (Crypt:2)
  37 mummies
  9 gnolls
  9 adders
  A steam dragon skeleton (Crypt:1)
  5 ufetubi
  An adder zombie (Crypt:2)
  3 dart slugs
  75 orcs
  2 ball pythons (D:1)
  6 bats
  4 endoplasms
  2 giant cockroaches
  3 hobgoblins
  10 jackals
  16 kobolds
  10 quokkas
  A ball python skeleton (Crypt:2)
  7 frilled lizards
  6 goblins
  8 rats
  22 aspiring fleshes
  4 butterflies (Abyss:3)
  3 creeping infernos
  A fire vortex (Hell)
  A fulminant prism (D:10)
  4 lurking horrors
  A spectral weapon (Pan)
  7 starspawn tentacles
  6 tentacles
4821 creatures vanquished.

Vanquished Creatures (collateral kills)
  A Killer Klown (Zig:18)
  An ettin (Zig:18)
  A hydra (Lair:5)
  3 two-headed ogres (Orc:2)
  2 death yaks (Lair:5)
  A black mamba (Lair:5)
  A komodo dragon (Lair:5)
  A shadow (D:10)
  3 ogres (Orc:2)
  A killer bee (D:8)
15 creatures vanquished.

Vanquished Creatures (others)
  A golden dragon (Vaults:5)
  3 pandemonium lords (Zig:25)
  A sphinx (shapeshifter) (Zig:25)
  2 eldritch tentacles
  A storm dragon (Zig:25)
  A shard shrike simulacrum (Coc:7)
  A very ugly thing (Zig:25)
  An iron golem (Zig:22)
  A fire dragon (shapeshifter) (Zig:25)
  A hydra (Zig:21)
  2 deep troll earth magi (Depths:3)
  A sixfirhy (Pan)
  A shadow wraith (Crypt:3)
  A deep troll (Depths:3)
  A shining eye (shapeshifter) (Zig:25)
  3 apocalypse crabs (Zig:25)
  A glass eye (Depths:3)
  A neqoxec (Pan)
  A swamp worm (shapeshifter) (Zig:25)
  An orc warrior (Elf:3)
  An orc (Elf:3)
  An aspiring flesh (Pan)
  3 ball lightnings (Pan)
  2 fire vortices
  203 fulminant prisms
  A lurking horror (Abyss:3)
  10 starspawn tentacles
  5 tentacles
252 creatures vanquished.

Grand Total: 5088 creatures vanquished

Notes
Turn   | Place    | Note
-------+----------+-------------------------------------------
     0 | D:1      | jagoly the Octopode Hedge Wizard began the quest for the
                  | Orb.
     0 | D:1      | Reached XP level 1. HP: 11/11 MP: 4/4
   322 | D:1      | Reached XP level 2. HP: 17/17 MP: 3/6
  1378 | D:1      | Reached XP level 3. HP: 21/21 MP: 7/7
  1591 | D:1      | Found a faded altar of an unknown god.
  3236 | D:2      | Found Yciff's Antique Weapon Shop.
  3751 | D:3      | Reached XP level 4. HP: 27/27 MP: 9/9
  3900 | D:3      | Found a radiant altar of Vehumet.
  3903 | D:3      | Became a worshipper of Vehumet
  4157 | D:3      | Learned a level 2 spell: Blink
  4309 | D:4      | Noticed an ice beast
  4494 | D:4      | Learned a level 3 spell: Mephitic Cloud
  4620 | D:4      | Reached skill level 1 in Air Magic
  4620 | D:4      | Reached skill level 1 in Alchemy
  4620 | D:4      | Reached XP level 5. HP: 31/31 MP: 11/11
  5343 | D:4      | Found Capoaj's Antique Armour Emporium.
  5378 | D:4      | Noticed a black bear
  5409 | D:4      | Killed a black bear
  5410 | D:4      | Reached XP level 6. HP: 36/36 MP: 1/12
  5670 | D:4      | Reached * piety under Vehumet
  5670 | D:4      | Offered knowledge of Shock by Vehumet.
  5840 | D:5      | Entered Level 5 of the Dungeon
  5844 | D:5      | Found a staircase to the Ecumenical Temple.
  6114 | D:5      | Found a burning altar of Makhleb.
  6123 | D:5      | Reached XP level 7. HP: 41/41 MP: 13/13
  6215 | D:5      | Found a stormy altar of Qazlal.
  6340 | D:5      | Found a blossoming altar of Fedhas.
  6402 | D:5      | Found a glowing silver altar of Zin.
  6772 | D:6      | Reached skill level 5 in Conjurations
  6814 | D:6      | Found a shadowy altar of Dithmenos.
  7115 | D:6      | Reached skill level 1 in Fighting
  7254 | D:6      | Found a glowing golden altar of the Shining One.
  7276 | D:6      | Noticed Sigmund
  7405 | D:6      | Reached XP level 8. HP: 35/50 MP: 14/14
  8170 | D:6      | Killed Sigmund
  8170 | D:6      | Reached ** piety under Vehumet
  8171 | D:6      | Reached skill level 5 in Stealth
  8224 | D:6      | Reached skill level 5 in Spellcasting
  8375 | D:7      | Offered knowledge of Foxfire by Vehumet.
  8976 | D:7      | Noticed Maurice
  9141 | D:7      | Reached XP level 9. HP: 54/58 MP: 17/17
  9244 | D:7      | Killed Maurice
  9245 | D:7      | Reached skill level 5 in Fighting
  9566 | D:7      | Found a bloodstained altar of Trog.
 10482 | D:8      | Reached XP level 10. HP: 72/72 MP: 19/19
 10531 | D:8      | Offered knowledge of Hailstorm by Vehumet.
 10575 | D:8      | Learned a level 3 spell: Hailstorm
 10628 | D:8      | Reached skill level 1 in Ice Magic
 10743 | D:8      | Noticed Grum
 10763 | D:8      | Killed Grum
 10787 | D:8      | Identified the +0 leather armour "Sahued" {rPois rF- Str+4}
 10851 | D:8      | Found an opulent altar of Gozag.
 10920 | D:8      | Reached *** piety under Vehumet
 11044 | D:8      | Found a white marble altar of Elyvilon.
 11102 | D:8      | Found a sacrificial altar of Ru.
 11104 | D:8      | Noticed Pikel
 11597 | D:8      | Killed Pikel
 11742 | D:8      | Found an ornate altar of the Wu Jian Council.
 12498 | D:9      | Found a staircase to the Orcish Mines.
 12735 | D:9      | Found a hazy altar of Hepliaklqana.
 12806 | D:9      | Found a staircase to the Lair.
 13059 | D:9      | Offered knowledge of Fulminant Prism by Vehumet.
 13065 | D:9      | Learned a level 4 spell: Fulminant Prism
 13606 | D:9      | Reached skill level 10 in Fighting
 13633 | D:9      | Reached **** piety under Vehumet
 13634 | D:9      | Reached skill level 5 in Dodging
 13818 | D:9      | Offered knowledge of Olgreb's Toxic Radiance by Vehumet.
 13827 | D:9      | Reached XP level 11. HP: 75/81 MP: 20/20
 13852 | D:9      | Reached skill level 5 in Alchemy
 13862 | D:9      | Learned a level 4 spell: Olgreb's Toxic Radiance
 13915 | D:9      | Found Xeyvae's One-of-a-Kind Rings.
 13975 | D:10     | Entered Level 10 of the Dungeon
 14025 | D:10     | Noticed a two-headed ogre
 14037 | D:10     | Killed a two-headed ogre
 14304 | D:10     | Noticed a boulder beetle
 14326 | D:10     | Killed a boulder beetle
 14844 | D:10     | Learned a level 5 spell: Fireball
 15027 | D:10     | Found an ancient bone altar of Kikubaaqudgha.
 15083 | D:11     | Identified the +0 war axe "Emoufeism" {heavy, rCorr}
 15091 | D:11     | Noticed a green ugly thing
 15107 | D:11     | Killed a green ugly thing
 15520 | D:11     | Reached ***** piety under Vehumet
 15625 | D:11     | Offered knowledge of Eringya's Noxious Bog by Vehumet.
 16111 | D:11     | Noticed a two-headed ogre
 16118 | D:11     | Killed a two-headed ogre
 16354 | D:11     | Found a runed translucent gate.
 16354 | D:11     | Found an opulent altar of Gozag.
 16354 | D:11     | Noticed Nysigunk's ghost (journeyman VSBr)
 16354 | D:11     | Noticed an orc knight
 16354 | D:11     | Noticed a fire giant
 16355 | D:11     | Found a runed translucent gate.
 16355 | D:11     | Found a runed translucent gate.
 16491 | Lair:1   | Entered Level 1 of the Lair of Beasts
 16694 | Lair:1   | Found a dark tunnel.
 16790 | Volcano  | Entered a volcano
 16828 | Volcano  | Reached XP level 12. HP: 80/87 MP: 22/22
 18049 | Lair:1   | Learned a level 6 spell: Eringya's Noxious Bog
 18174 | Lair:1   | You fall into a shaft and drop 1 floor!
 18552 | Lair:1   | Reached skill level 10 in Spellcasting
 19612 | Lair:2   | Reached skill level 10 in Conjurations
 19778 | Lair:2   | Reached XP level 13. HP: 50/92 MP: 20/27
 19789 | Lair:2   | Reached skill level 10 in Alchemy
 20568 | Lair:2   | Reached skill level 1 in Fire Magic
 20872 | Lair:2   | Found a hole to the Spider Nest.
 21219 | Lair:2   | Found a staircase to the Shoals.
 21768 | Lair:3   | Got the Tractate on Shocking Cryomancy
 21829 | Lair:3   | Reached skill level 5 in Fire Magic
 22833 | Lair:4   | Noticed Nessos
 22840 | Lair:4   | Offered knowledge of Lee's Rapid Deconstruction by Vehumet.
 22842 | Lair:4   | Reached skill level 1 in Evocations
 22846 | Lair:4   | Killed Nessos
 23407 | Lair:4   | Noticed Kirke
 23429 | Lair:4   | Reached skill level 1 in Shapeshifting
 23430 | Lair:4   | Killed Kirke
 23438 | Lair:4   | Reached XP level 14. HP: 69/99 MP: 5/30
 23488 | Lair:4   | Noticed Josephine
 24020 | Lair:4   | Killed Josephine
 24178 | Lair:4   | Reached skill level 5 in Shapeshifting
 24669 | Lair:5   | Entered Level 5 of the Lair of Beasts
 24744 | Lair:5   | Found a viscous altar of Jiyva.
 24744 | Lair:5   | Found a staircase to the Slime Pits.
 26504 | Lair:5   | Found a large runed translucent door.
 26504 | Lair:5   | Found a large runed translucent door.
 26657 | Lair:5   | Reached skill level 10 in Shapeshifting
 26996 | Lair:5   | Offered knowledge of Spellforged Servitor by Vehumet.
 27885 | D:12     | Reached XP level 15. HP: 103/103 MP: 26/31
 28172 | D:12     | Found a frozen archway.
 28219 | IceCv    | Entered an ice cave
 28844 | IceCv    | Noticed a frost giant
 29135 | IceCv    | Killed a frost giant
 30680 | D:12     | Offered knowledge of Ozocubu's Refrigeration by Vehumet.
 30958 | D:13     | Noticed Sonja
 30960 | D:13     | Killed Sonja
 31039 | D:13     | Found a gate to the Vaults.
 31269 | D:13     | Found a radiant altar of Vehumet.
 31271 | D:13     | Found a hide-covered altar of Uskayaw.
 31271 | D:13     | Found a shimmering altar of Xom.
 31273 | D:13     | Found a hazy altar of Hepliaklqana.
 31273 | D:13     | Found a burning altar of Makhleb.
 31273 | D:13     | Found a sparkling altar of Nemelex Xobeh.
 31401 | Orc:1    | Entered Level 1 of the Orcish Mines
 31424 | Orc:1    | Noticed Snorg
 31434 | Orc:1    | Killed Snorg
 32026 | Orc:2    | Entered Level 2 of the Orcish Mines
 32041 | Orc:2    | Found a staircase to the Elven Halls.
 32197 | Orc:2    | Found a gate leading to a gauntlet.
 32224 | Gauntlet | Entered a Gauntlet
 32224 | Gauntlet | Found a transporter.
 32227 | Gauntlet | Found a transporter.
 32232 | Gauntlet | Found a transporter.
 32233 | Gauntlet | Found a transporter.
 32235 | Gauntlet | Found a transporter.
 32236 | Gauntlet | Found a transporter.
 32241 | Gauntlet | Found a transporter.
 32266 | Gauntlet | Found a large runed translucent door.
 32266 | Gauntlet | Found a large runed translucent door.
 32267 | Gauntlet | Found a large runed translucent door.
 32267 | Gauntlet | Found a large runed translucent door.
 32268 | Gauntlet | Found a large runed translucent door.
 32268 | Gauntlet | Found a large runed translucent door.
 32269 | Gauntlet | Found a runed translucent gate.
 32269 | Gauntlet | Found a runed translucent door.
 32270 | Gauntlet | Found a large runed translucent door.
 32270 | Gauntlet | Found a transporter.
 32270 | Gauntlet | Found a runed translucent gate.
 32271 | Gauntlet | Found a large runed translucent door.
 32285 | Gauntlet | Found a transporter.
 32285 | Gauntlet | Found a transporter.
 32286 | Gauntlet | Found a runed translucent door.
 32287 | Gauntlet | Found a large runed translucent door.
 32287 | Gauntlet | Found a large runed translucent door.
 32287 | Gauntlet | Found a large runed translucent door.
 32287 | Gauntlet | Found a large runed translucent door.
 32288 | Gauntlet | Found a large runed translucent door.
 32288 | Gauntlet | Found a large runed translucent door.
 32289 | Gauntlet | Found a large runed translucent door.
 32289 | Gauntlet | Found a large runed translucent door.
 32296 | Gauntlet | Found a transporter.
 32328 | Gauntlet | Found a runed translucent gate.
 32364 | Gauntlet | Found a transporter.
 32562 | Gauntlet | Identified the ring of Fylufor {rF+ Will+ MP+9}
 32564 | Gauntlet | Identified the ring of Divine Compulsion {rF+ rC+ Slay+3}
 32691 | Gauntlet | Identified the ring of Sif Muna's Favour {rF+ AC+4 Str-4
                  | Dex+2}
 32738 | Gauntlet | Got the Atlas of the Armadillo
 33071 | Orc:2    | Reached XP level 16. HP: 88/109 MP: 9/32
 33414 | Orc:2    | Offered knowledge of Bombard by Vehumet.
 33415 | Orc:2    | Reached skill level 15 in Shapeshifting
 33424 | Orc:1    | Learned a level 6 spell: Bombard
 33614 | Orc:2    | Found Pais's Magic Scroll Boutique.
 33614 | Orc:2    | Found Telliw's General Store.
 33615 | Orc:2    | Found Mukh's Antique Armour Emporium.
 33615 | Orc:2    | Found Ninuaplo's General Store.
 33992 | Orc:2    | Bought a scroll of acquirement for 676 gold pieces
 33992 | Orc:2    | Acquired the ring of Pint {rPois rF+ rC+ Int+3}
 33993 | Orc:2    | Acquired 400 gold pieces
 33997 | Orc:2    | Bought a scroll of fog for 52 gold pieces
 33997 | Orc:2    | Bought a scroll of poison for 52 gold pieces
 33999 | Orc:2    | Bought a scroll of immolation for 64 gold pieces
 34167 | D:14     | Reached skill level 1 in Earth Magic
 34833 | D:15     | Entered Level 15 of the Dungeon
 34850 | D:15     | Identified the ring of Deoror {rPois rF+ Will+ Int+2}
 35152 | D:15     | Noticed Agnes
 35168 | D:15     | Killed Agnes
 35302 | D:15     | Found a staircase to the Depths.
 35420 | D:15     | Reached skill level 5 in Earth Magic
 35604 | D:15     | Found a portal to a secret trove of treasure.
 36214 | D:9      | Bought the ring of Xom's Flight of Fancy {Int+6 Dex+4
                  | Stlth+} for 758 gold pieces
 36221 | D:9      | Upgraded the game from 0.32-a0-172-gc5dd13f to
                  | 0.32-a0-290-g598725c
 36817 | D:11     | Killed Nysigunk's ghost
 36984 | Shoals:1 | Entered Level 1 of the Shoals
 37008 | Shoals:1 | Offered knowledge of Plasma Beam by Vehumet.
 37017 | Shoals:1 | Learned a level 4 spell: Ignite Poison
 37383 | Shoals:1 | Noticed a kraken
 37390 | Shoals:1 | Killed a kraken
 37671 | Shoals:1 | Noticed Mlioglotl
 37681 | Shoals:1 | Killed Mlioglotl
 37685 | Shoals:1 | Reached XP level 17. HP: 115/115 MP: 14/33
 39398 | Shoals:3 | Noticed Ilsuiw
 39400 | Shoals:3 | Offered knowledge of Starburst by Vehumet.
 39408 | Shoals:3 | Killed Ilsuiw
 39679 | Shoals:3 | Learned a level 6 spell: Starburst
 39756 | Shoals:3 | Noticed Roxanne
 39765 | Shoals:3 | Killed Roxanne
 40236 | Shoals:4 | Entered Level 4 of the Shoals
 41087 | Shoals:4 | Identified the +5 morningstar of Vaeph {freeze, Dex+2}
 41256 | Shoals:4 | Got the Information on Invitation
 41288 | Shoals:4 | Found a glowing silver altar of Zin.
 41302 | Shoals:4 | Reached XP level 18. HP: 126/126 MP: 35/35
 41320 | Shoals:4 | Reached skill level 10 in Dodging
 41371 | Shoals:4 | Identified the +4 ring mail "Petredghueb" {rN+ Dex+2}
 41519 | Shoals:4 | Got a barnacled rune of Zot
 41552 | Shoals:4 | Found a white marble altar of Elyvilon.
 41787 | Shoals:4 | Identified the +5 helmet of Cheibriados's Approval {Str+3}
 41952 | Spider:1 | Entered Level 1 of the Spider Nest
 42025 | Spider:1 | Noticed Jorgrun
 42032 | Spider:1 | Killed Jorgrun
 42196 | Spider:1 | Reached skill level 1 in Shields
 43385 | Spider:1 | Noticed Rupert
 43392 | Spider:1 | Killed Rupert
 43560 | Spider:2 | Reached skill level 5 in Shields
 43785 | Spider:2 | Learned a level 4 spell: Iskenderun's Mystic Blast
 43986 | Spider:2 | Reached ****** piety under Vehumet
 44000 | Spider:2 | Offered knowledge of Lehudib's Crystal Spear by Vehumet.
 44000 | Spider:2 | Offered knowledge of Shatter by Vehumet.
 44000 | Spider:2 | Offered knowledge of Maxwell's Capacitive Coupling by
                  | Vehumet.
 45089 | Spider:3 | Reached XP level 19. HP: 135/135 MP: 37/37
 45475 | Spider:4 | Entered Level 4 of the Spider Nest
 47600 | Spider:4 | Got a gossamer rune of Zot
 47831 | Lair:2   | Learned a level 5 spell: Irradiate
 47952 | Elf:1    | Entered Level 1 of the Elven Halls
 48508 | Elf:1    | Reached skill level 15 in Spellcasting
 48508 | Elf:1    | Reached XP level 20. HP: 143/143 MP: 39/39
 48602 | Elf:1    | Found Gugeghe's Antique Armour Shoppe.
 48993 | Elf:2    | Paralysed by an air elemental for 1 turns
 49081 | Elf:2    | Reached XP level 21. HP: 148/148 MP: 35/41
 49182 | Elf:2    | Paralysed by an air elemental for 1 turns
 49338 | Elf:2    | Paralysed by an air elemental for 1 turns
 49344 | Elf:2    | Paralysed by an air elemental for 1 turns
 49447 | Elf:2    | Found a runed translucent gate.
 49447 | Elf:2    | Found a runed translucent gate.
 49448 | Elf:2    | Found a runed translucent gate.
 49561 | Elf:2    | Found Athraw's General Store.
 49704 | Elf:2    | Bought a scroll of acquirement for 832 gold pieces
 49763 | Elf:3    | Entered Level 3 of the Elven Halls
 49897 | Elf:3    | Reached skill level 10 in Fire Magic
 50072 | Elf:3    | Identified the +10 lajatang of the Moth {venom, ^Fragile
                  | Str+2 Int+2}
 50074 | Elf:3    | Identified the +0 leather armour of the Albatross {rF+ rC-
                  | Int+3 SInv}
 50728 | Elf:3    | Identified the +9 long sword of the Three Tusks {pain,
                  | *Slow Int+4}
 51127 | Elf:3    | Identified the +11 orcbow of the Past {flame, Will+ Dex+2}
 51639 | Elf:3    | Identified the +8 falchion of the Saviour {elec, rElec
                  | rCorr MP+9 Dex-2}
 51641 | Elf:3    | Identified the +5 dagger of the Ghost {heavy, *Corrode rN+
                  | Stlth+}
 51697 | Elf:3    | Identified the staff of Xibosuj {Fly rF+ Str+3 Stlth+ Conj
                  | Fire}
 51787 | Elf:3    | Learned a level 8 spell: Ignition
 51787 | Elf:3    | Acquired the ring of Sloth {^Drain rF+ Will+ MP+9}
 51893 | Orc:2    | Bought a runed hat for 175 gold pieces
 51905 | Orc:2    | Bought a scroll of enchant weapon for 97 gold pieces
 52081 | D:15     | You paid a toll of a +6 demon trident to enter a treasure
                  | trove
 52082 | Trove    | Entered a treasure trove
 52088 | Trove    | Identified the amulet "Plog" {Spirit Str+4 Slay+3}
 52558 | Vaults:1 | Entered Level 1 of the Vaults
 53168 | Vaults:1 | Reached skill level 15 in Fire Magic
 53168 | Vaults:1 | Reached XP level 22. HP: 154/154 MP: 42/42
 53175 | Vaults:1 | Learned a level 5 spell: Yara's Violent Unravelling
 53224 | Vaults:1 | Reached skill level 1 in Hexes
 53788 | Vaults:2 | Identified the +2 orcbow of Rerobitu {drain, rC- Will+
                  | Dex+3}
 53967 | Vaults:2 | Reached skill level 10 in Stealth
 54237 | Vaults:2 | Found a staircase to the Crypt.
 54325 | Vaults:2 | Reached skill level 15 in Fighting
 55111 | Vaults:3 | Found a large runed translucent door.
 55111 | Vaults:3 | Found a large runed translucent door.
 55111 | Vaults:3 | Found a large runed translucent door.
 55111 | Vaults:3 | Found a large runed translucent door.
 55111 | Vaults:3 | Found a large runed translucent door.
 55111 | Vaults:3 | Found a large runed translucent door.
 55111 | Vaults:3 | Found a large runed translucent door.
 55111 | Vaults:3 | Found a large runed translucent door.
 55111 | Vaults:3 | Noticed Izusibb's ghost (veteran DjCj)
 55122 | Vaults:3 | Killed Izusibb's ghost
 55124 | Vaults:3 | Identified the amulet of Pihataes {rPois rC- Regen+ Int+3
                  | Slay+3}
 55399 | Vaults:3 | Found Apockut's Weapon Shoppe.
 55459 | Vaults:3 | Reached XP level 23. HP: 165/165 MP: 43/43
 56313 | Vaults:4 | Reached skill level 15 in Dodging
 56537 | Vaults:4 | Identified the +10 hand axe "Azulyun" {freeze, *Slow rC+
                  | rCorr Int+3}
 56623 | Vaults:4 | Noticed Zenata
 56628 | Vaults:4 | Killed Zenata
 56684 | Vaults:4 | Reached skill level 10 in Earth Magic
 57401 | Vaults:5 | Entered Level 5 of the Vaults
 57407 | Vaults:5 | Noticed a golden dragon
 57409 | Vaults:5 | Noticed a dread lich
 57411 | Vaults:5 | Noticed a dread lich
 57421 | Vaults:4 | Killed a golden dragon
 57478 | Vaults:5 | Reached XP level 24. HP: 123/171 MP: 43/43
 57480 | Vaults:5 | Killed a dread lich
 57480 | Vaults:5 | Killed a dread lich
 57728 | Vaults:5 | Noticed an ancient lich
 57736 | Vaults:5 | Killed an ancient lich
 58021 | Vaults:5 | Identified the +3 quarterstaff "Neacluacs" {venom, rF+ rN+
                  | Int+2}
 58051 | Vaults:5 | Identified the +0 trident of the Heart {heavy, MP+9 Str+3}
 58578 | Vaults:5 | Identified the +2 mace "Hydra's Foe" {heavy, Str+4}
 58584 | Vaults:5 | Reached skill level 5 in Evocations
 58787 | Vaults:5 | Got a silver rune of Zot
 58883 | Vaults:5 | Identified the staff of Wariness {rPois rF+ Fire}
 58892 | Vaults:5 | Identified the +1 glaive "Niucsel" {holy, rF+ rC+ MP+9}
 58914 | Vaults:5 | Got the Information on Omens and Pollution
 59034 | Vaults:5 | Noticed an ancient lich
 59041 | Vaults:5 | Killed an ancient lich
 59249 | Vaults:5 | Noticed Jory
 59255 | Vaults:5 | Killed Jory
 59455 | Crypt:1  | Entered Level 1 of the Crypt
 60207 | Crypt:1  | Reached XP level 25. HP: 183/183 MP: 43/43
 60414 | Crypt:2  | Noticed Xtahua
 60422 | Crypt:2  | Killed Xtahua
 60602 | Crypt:2  | Identified the +4 robe of Neack {+Inv rElec Dex+3}
 60602 | Crypt:2  | Noticed Boris
 60606 | Crypt:2  | Killed Boris
 61060 | Crypt:2  | Noticed Sojobo
 61066 | Crypt:2  | Killed Sojobo
 61076 | Crypt:2  | Killed the ghostly Sojobo
 61493 | Crypt:3  | Entered Level 3 of the Crypt
 61803 | Crypt:3  | Found a basalt altar of Yredelemnul.
 62384 | Crypt:3  | Identified the orb "Futafo" {*channel, rElec rPois rCorr}
 62384 | Crypt:3  | Noticed Frederick
 62389 | Crypt:3  | Killed Frederick
 62487 | Crypt:3  | Got the Disquisition on Left-Handed Deeds
 62585 | Crypt:3  | Found a staircase to the Tomb.
 62799 | Crypt:3  | Got the Handbook of Stolen Souls and Vitriol
 62913 | Crypt:3  | Identified the ring of Ticiabriesk {rPois rF+ rCorr Str+3
                  | SInv}
 63189 | D:9      | Bought a +7 ring of protection for 1449 gold pieces
 63287 | Slime:1  | Entered Level 1 of the Pits of Slime
 63340 | Slime:4  | Gained mutation: You sometimes lose your temper in combat.
                  | [a shining eye]
 63341 | Slime:4  | Gained mutation: You are dopey. (Int -2) [a shining eye]
 63349 | Slime:4  | Gained mutation: Your body sometimes deteriorates upon
                  | taking damage. [a shining eye]
 63393 | Slime:5  | Entered Level 5 of the Pits of Slime
 63453 | Slime:5  | Noticed the Royal Jelly
 63457 | Slime:5  | Killed the Royal Jelly
 63464 | Slime:5  | Gained mutation: You are vulnerable to heat. (rF-) [a
                  | shining eye]
 63467 | Slime:5  | Reached XP level 26. HP: 196/196 MP: 43/43
 63507 | Slime:5  | Identified the +1 ring mail "Vijaezoke" {Regen+}
 63574 | Slime:5  | Identified the amulet of Trepidation {Regen+ Str+3 Int+6
                  | Dex-3 Slay+2}
 63584 | Slime:5  | Got the Discourse on the Dead
 63641 | Slime:5  | Identified the +2 scale mail of Yrphoi Upee {rN+ Int+2}
 63647 | Slime:5  | Identified the +10 sling "Cypogeom" {drain, Will++ rCorr
                  | Str+4 Int-3}
 63699 | Slime:5  | Found the +11 Singing Sword {sonic wave}
 63733 | Slime:5  | Got a slimy rune of Zot
 63735 | Slime:5  | Got a starry gem with 53 turns to spare
 63785 | Slime:1  | Lost the starry gem through the power of Zot.
 63954 | Orc:2    | Bought a scroll of revelation for 120 gold pieces
 63954 | Orc:2    | Bought a potion of heal wounds for 80 gold pieces
 63954 | Orc:2    | Bought a lightning rod (4/4) for 640 gold pieces
 63955 | Orc:2    | Bought a potion of haste for 150 gold pieces
 64331 | Depths:1 | Entered Level 1 of the Depths
 64961 | Depths:1 | Found a blossoming altar of Fedhas.
 65425 | Depths:1 | Found a gateway to Hell.
 66009 | Depths:2 | Found a one-way gateway to a ziggurat.
 66012 | Depths:2 | Reached skill level 10 in Evocations
 66515 | Depths:2 | You are sucked into a shaft and drop 1 floor!
 66703 | Depths:3 | Found a transporter.
 66885 | Depths:3 | Found a transporter.
 66919 | Depths:3 | Found a corrupted altar of Lugonu.
 66921 | Depths:3 | Found a one-way gate to the infinite horrors of the Abyss.
 67113 | Depths:2 | Found a one-way gate leading to the halls of Pandemonium.
 67178 | Depths:4 | Entered Level 4 of the Depths
 67190 | Depths:4 | Reached XP level 27. HP: 201/201 MP: 43/43
 67242 | Depths:4 | Noticed Margery
 67249 | Depths:4 | Killed Margery
 67529 | Depths:4 | Found a gate to the Realm of Zot.
 67984 | Depths:4 | Found an ancient bone altar of Kikubaaqudgha.
 68352 | Zot:1    | Entered Level 1 of the Realm of Zot
 69134 | Zot:1    | Identified the +6 rapier "Komah" {flame, rF+}
 71652 | Zot:4    | Acquired Mockauz's Discourse on Silt
 72139 | Zot:5    | Entered Level 5 of the Realm of Zot
 72140 | Zot:5    | Found a transporter.
 72140 | Zot:5    | Found a transporter.
 72222 | Zot:5    | Found a transporter.
 72494 | Zot:5    | Found a transporter.
 72944 | Depths:3 | Learned a level 9 spell: Shatter
 72968 | Depths:3 | Reached skill level 15 in Earth Magic
 73034 | Depths:3 | Identified the ring "Woehuod" {Fly rElec rC+ rCorr Dex-2
                  | Stlth+}
 73052 | Depths:3 | Identified the ring "Wucaacka" {Will- MP+9 Str+4 Dex+5}
 73106 | Hell     | Entered the Vestibule of Hell
 73106 | Hell     | Noticed Geryon
 73114 | Hell     | Killed Geryon
 73142 | Hell     | Noticed a dread lich
 73229 | Hell     | Killed a dread lich
 73243 | Hell     | Gained mutation: You have an uncontrollable temper.
                  | [mutagenic glow]
 73273 | Hell     | Gained mutation: You are clumsy. (Dex -2) [mutagenic glow]
 73361 | Hell     | Found a gateway to the freezing wastes of Cocytus.
 73562 | Hell     | Found a gateway to the decaying netherworld of Tartarus.
 73619 | Hell     | Found a gateway to the ashen valley of Gehenna.
 73705 | Hell     | Found a gateway to the Iron City of Dis.
 73937 | Zig:1    | Entered Level 1 of a ziggurat
 73969 | Zig:1    | Identified the +4 scimitar of the Hidden Vale {pain, rElec
                  | rC+ Will- Dex+2}
 73972 | Zig:2    | Entered Level 2 of a ziggurat
 73999 | Zig:3    | Entered Level 3 of a ziggurat
 74020 | Zig:4    | Entered Level 4 of a ziggurat
 74022 | Zig:4    | Noticed Farigah the pandemonium lord
 74031 | Zig:4    | Killed Farigah the pandemonium lord
 74127 | Zig:4    | Lost mutation: You are vulnerable to heat. (rF-) [potion of
                  | mutation]
 74127 | Zig:4    | Lost mutation: You are clumsy. (Dex -2) [potion of
                  | mutation]
 74127 | Zig:4    | Gained mutation: You do not regenerate when monsters are
                  | visible. [potion of mutation]
 74127 | Zig:4    | Gained mutation: Your spells are a little harder to cast,
                  | but a little more powerful. [potion of mutation]
 74127 | Zig:4    | Gained mutation: Your system is resistant to poisons.
                  | (rPois) [potion of mutation]
 74127 | Zig:4    | Gained mutation: One of your tentacles bears a spike.
                  | [potion of mutation]
 74128 | Zig:4    | Lost mutation: You have an uncontrollable temper. [potion
                  | of mutation]
 74128 | Zig:4    | Lost mutation: You are dopey. (Int -2) [potion of mutation]
 74128 | Zig:4    | Gained mutation: You are partially covered in large bone
                  | plates. (SH +4) [potion of mutation]
 74128 | Zig:4    | Gained mutation: One of your tentacles bears a nasty spike.
                  | [potion of mutation]
 74128 | Zig:4    | Gained mutation: Your spells are harder to cast, but more
                  | powerful. [potion of mutation]
 74129 | Zig:4    | Lost mutation: You do not regenerate when monsters are
                  | visible. [potion of mutation]
 74129 | Zig:4    | Lost mutation: Your body sometimes deteriorates upon taking
                  | damage. [potion of mutation]
 74129 | Zig:4    | Gained mutation: You expend magic power (3 MP) to
                  | strengthen your wands. [potion of mutation]
 74131 | Zig:5    | Entered Level 5 of a ziggurat
 74135 | Zig:5    | Noticed an ancient lich
 74138 | Zig:5    | Killed an ancient lich
 74179 | Zig:6    | Entered Level 6 of a ziggurat
 74245 | Zig:7    | Entered Level 7 of a ziggurat
 74262 | Zig:7    | Identified the +1 robe of Ravioli {Rampage *Slow Fly}
 74279 | Zig:8    | Entered Level 8 of a ziggurat
 74295 | Zig:8    | Identified the ring "Gaaffoz" {Dex+4 Slay+5 SInv}
 74297 | Zig:8    | Identified the ring "Zosov" {rF- rC+ Int+2 Dex+5 Stlth+}
 74301 | Zig:8    | Identified the +2 orcbow "Asual" {freeze, rN+}
 74333 | Zig:9    | Entered Level 9 of a ziggurat
 74393 | Zig:9    | Identified the ring of Neuron {rF+ Will- Dex+4 SInv}
 74397 | Zig:9    | Identified the +1 orcbow "Nigig" {freeze, rPois rC+ Will+
                  | Str-5}
 74412 | Zig:10   | Entered Level 10 of a ziggurat
 74438 | Zig:10   | Identified the ring of Plog {*Corrode Fly rF+ Int+4}
 74468 | Zig:11   | Entered Level 11 of a ziggurat
 74495 | Zig:11   | Identified the +5 trident "Syfol" {flame, rF+ Str+3 Int+5}
 74549 | Zig:12   | Entered Level 12 of a ziggurat
 74561 | Zig:12   | Noticed Juxzy the pandemonium lord
 74566 | Zig:12   | Killed Juxzy the pandemonium lord
 74664 | Zig:12   | Identified the +2 plate armour of Avitsoow {*Slow Dex+7}
 74692 | Zig:13   | Entered Level 13 of a ziggurat
 74727 | Zig:13   | Identified the +8 morningstar "Utrij" {heavy, rElec Str+3
                  | Int+5}
 74732 | Zig:13   | Identified the +2 great mace "Laoxkod" {protect, Will+
                  | Str+2 Dex+3}
 74744 | Zig:13   | Identified the +9 battleaxe of Skirmishing {heavy, *Noise
                  | *Slow rF+ Dex+8}
 74748 | Zig:13   | Got the Grimoire of the Fascinating Commander
 74749 | Zig:13   | Identified the +10 sling of the Healing Queen {flame,
                  | ^Drain Str+8 Int-4 Dex+2}
 74775 | Zig:14   | Entered Level 14 of a ziggurat
 74883 | Zig:14   | Identified the staff of Momnoube {rElec rPois Air}
 74926 | Zig:15   | Entered Level 15 of a ziggurat
 74952 | Zig:15   | Found the +5 Storm Queen's Shield {shock, Fly rElec}
 74959 | Zig:15   | Got the Cyclopedia of Malisons
 74977 | Zig:15   | Identified the +7 broad axe of the Spinneret {heavy, +Blink
                  | Dex+3}
 74979 | Zig:15   | Identified the +1 dagger of Wicvoabe {spect, rC- rN+ Will+
                  | rCorr}
 75023 | Zig:16   | Entered Level 16 of a ziggurat
 75039 | Zig:16   | Found the +5 glaive of the Guard {elec, spectral}
 75047 | Zig:16   | Found the +2 Maxwell's thermic engine {flame, freeze, rev}
 75054 | Zig:16   | Identified the +3 morningstar "Huan" {heavy, +Blink Str+5}
 75071 | Zig:16   | Identified the amulet of Tyesinol {RegenMP MP+9}
 75142 | Zig:17   | Entered Level 17 of a ziggurat
 75158 | Zig:17   | Noticed an ancient lich
 75158 | Zig:17   | Noticed an ancient lich
 75160 | Zig:17   | Killed an ancient lich
 75160 | Zig:17   | Noticed an ancient lich
 75161 | Zig:17   | Killed an ancient lich
 75162 | Zig:17   | Noticed an ancient lich
 75162 | Zig:17   | Killed an ancient lich
 75163 | Zig:17   | Killed an ancient lich
 75179 | Zig:17   | Found the +3 salamander hide armour {Flames, rFlCloud rF++
                  | rC--}
 75220 | Zig:17   | Got the Lectures on Thunder and Peregrination
 75249 | Zig:18   | Entered Level 18 of a ziggurat
 75258 | Zig:18   | Noticed Ficsach the pandemonium lord
 75269 | Zig:18   | Noticed Kuamaeg the pandemonium lord
 75270 | Zig:18   | Noticed Orchik the pandemonium lord
 75272 | Zig:18   | Noticed Fogaav the pandemonium lord
 75274 | Zig:18   | Noticed Redeh the pandemonium lord
 75274 | Zig:18   | Noticed Hairgh the pandemonium lord
 75278 | Zig:18   | Killed Kuamaeg the pandemonium lord
 75280 | Zig:18   | Killed Orchik the pandemonium lord
 75280 | Zig:18   | Noticed Caown the pandemonium lord
 75281 | Zig:18   | Noticed Kucomi the pandemonium lord
 75283 | Zig:18   | Noticed Yleiz the pandemonium lord
 75292 | Zig:18   | Killed Fogaav the pandemonium lord
 75293 | Zig:18   | Killed Ficsach the pandemonium lord
 75323 | Zig:18   | Killed Redeh the pandemonium lord
 75327 | Zig:18   | Killed Caown the pandemonium lord
 75327 | Zig:18   | Killed Yleiz the pandemonium lord
 75344 | Zig:18   | Killed Kucomi the pandemonium lord
 75347 | Zig:18   | Killed Hairgh the pandemonium lord
 75394 | Zig:18   | Found the +8 lance "Wyrmbane" {slay drac, rPois rF+ rC+
                  | AC+3}
 75416 | Zig:18   | Identified the +0 leather armour of the Trilobite {rPois
                  | rF+}
 75426 | Zig:18   | Identified the +6 lajatang "Uttomat" {freeze, *Slow Str+3
                  | Dex+4}
 75432 | Zig:18   | Identified the +2 spear "Dufeonwa" {holy, rF+}
 75469 | Zig:19   | Entered Level 19 of a ziggurat
 75477 | Zig:19   | Noticed Pynaxt the pandemonium lord
 75480 | Zig:19   | Noticed Qeos Ugu the pandemonium lord
 75483 | Zig:19   | Noticed Piupip the pandemonium lord
 75486 | Zig:19   | Noticed Noblem the pandemonium lord
 75487 | Zig:19   | Killed Pynaxt the pandemonium lord
 75488 | Zig:19   | Noticed Pivut the pandemonium lord
 75489 | Zig:19   | Killed Piupip the pandemonium lord
 75490 | Zig:19   | Killed Noblem the pandemonium lord
 75490 | Zig:19   | Killed Pivut the pandemonium lord
 75495 | Zig:19   | Killed Qeos Ugu the pandemonium lord
 75502 | Zig:19   | Gained mutation: You occasionally shout uncontrollably at
                  | your foes. [mutagenic glow]
 75507 | Zig:19   | Noticed Naeh the pandemonium lord
 75510 | Zig:19   | Noticed Fegh the pandemonium lord
 75511 | Zig:19   | Noticed Xiadizuaqi the pandemonium lord
 75511 | Zig:19   | Noticed Izxont the pandemonium lord
 75512 | Zig:19   | Noticed Heikkima the pandemonium lord
 75517 | Zig:19   | Killed Naeh the pandemonium lord
 75528 | Zig:19   | Noticed Rekiquno the pandemonium lord
 75530 | Zig:19   | Killed Fegh the pandemonium lord
 75531 | Zig:19   | Killed Rekiquno the pandemonium lord
 75531 | Zig:19   | Noticed Ohuikh the pandemonium lord
 75533 | Zig:19   | Killed Ohuikh the pandemonium lord
 75535 | Zig:19   | Killed Xiadizuaqi the pandemonium lord
 75538 | Zig:19   | Killed Heikkima the pandemonium lord
 75540 | Zig:19   | Killed Izxont the pandemonium lord
 75650 | Zig:19   | Identified the ring "Kycsac" {rPois rC- rCorr Int+4 Dex+6}
 75667 | Zig:19   | Identified the +2 falchion of the Postmodern Eyes {freeze,
                  | ^Fragile rF+ Will+ Dex+5}
 75668 | Zig:19   | Identified the +9 broad axe "Olaekaol" {freeze, Int+3
                  | Dex+3}
 75677 | Zig:19   | Identified the +3 hand axe "Ulaosaysch" {heavy, Str+2}
 75680 | Zig:19   | Identified the ring of Sin {rElec rPois rC+}
 75714 | Zig:19   | Identified the +0 ring mail "Plog" {Str+4}
 75719 | Zig:20   | Entered Level 20 of a ziggurat
 75797 | Zig:20   | Identified the +2 trident of Xazep {protect, Will+ Str+3}
 75806 | Zig:20   | Identified the ring of Nippoajo {Fly Int+6}
 75859 | Zig:21   | Entered Level 21 of a ziggurat
 75889 | Zig:21   | Reached skill level 1 in Axes
 75952 | Zig:21   | Reached skill level 5 in Axes
 75959 | Zig:21   | Identified the amulet "Sygeun" {Reflect Dex+3 SH+5}
 75967 | Zig:21   | Identified the +12 glaive of Annoyance {drain, Int+3}
 76011 | Zig:22   | Entered Level 22 of a ziggurat
 76038 | Zig:22   | Reached skill level 15 in Evocations
 76068 | Zig:22   | Gained mutation: Your body sometimes deteriorates upon
                  | taking damage. [mutagenic glow]
 76169 | Zig:22   | Identified the +10 battleaxe "Laryp" {venom, Dex+3}
 76170 | Zig:22   | Identified the amulet "Gyask" {RegenMP rElec rCorr Int+2}
 76182 | Zig:22   | Identified the staff "Nizu" {rPois Stlth+ Alchemy}
 76212 | Zig:23   | Entered Level 23 of a ziggurat
 76331 | Zig:23   | Identified the amulet "Ocrodats" {+Inv rF- Regen+ rCorr}
 76335 | Zig:23   | Identified the amulet of Juappeun {Regen+ Dex+3}
 76353 | Zig:23   | Identified the +3 great mace of Peace {venom, rF++ Str-3
                  | Int+2 SInv}
 76389 | Zig:24   | Entered Level 24 of a ziggurat
 76459 | Zig:24   | Identified the +4 morningstar of the Growing Gods {holy,
                  | rF+ Stlth+}
 76460 | Zig:24   | Identified the +3 whip "Vepnit Deagi" {freeze, rCorr}
 76462 | Zig:24   | Identified the +7 trident of Shrieking Terror {freeze,
                  | rN+++ Will- Str+2 Dex-5}
 76489 | Zig:24   | Identified the +9 sling of the Riding Oracle {antimagic,
                  | rF+ SInv}
 76491 | Zig:24   | Identified the quicksilver dragon scales "Ozacy" {^Drain
                  | Will+ Str+2 Dex+4}
 76522 | Zig:25   | Entered Level 25 of a ziggurat
 76532 | Zig:25   | Noticed Kad Fia the pandemonium lord
 76534 | Zig:25   | Noticed Wotsos the pandemonium lord
 76536 | Zig:25   | Noticed Anes the pandemonium lord
 76538 | Zig:25   | Noticed Xawal the pandemonium lord
 76541 | Zig:25   | Killed Wotsos the pandemonium lord
 76541 | Zig:25   | Killed Kad Fia the pandemonium lord
 76544 | Zig:25   | Killed Anes the pandemonium lord
 76552 | Zig:25   | Killed Xawal the pandemonium lord
 76558 | Zig:25   | Banished Zumnupely the pandemonium lord
 76574 | Zig:25   | Noticed Fenwiwaf the pandemonium lord
 76577 | Zig:25   | Killed Fenwiwaf the pandemonium lord
 76601 | Zig:25   | Killed Feurphetz the pandemonium lord
 76604 | Zig:25   | Banished Famul the pandemonium lord
 76608 | Zig:25   | Killed Penuiqar the pandemonium lord
 76622 | Zig:25   | Noticed Xugrupil the pandemonium lord
 76626 | Zig:25   | Noticed Jomal the pandemonium lord
 76628 | Zig:25   | Noticed Seiragiv the pandemonium lord
 76630 | Zig:25   | Noticed Vavuah the pandemonium lord
 76631 | Zig:25   | Killed Jomal the pandemonium lord
 76631 | Zig:25   | Noticed Elileit the pandemonium lord
 76636 | Zig:25   | Noticed Cofochyv the pandemonium lord
 76638 | Zig:25   | Noticed Garuolu the pandemonium lord
 76638 | Zig:25   | Killed Cofochyv the pandemonium lord
 76639 | Zig:25   | Killed Xugrupil the pandemonium lord
 76639 | Zig:25   | Killed Vavuah the pandemonium lord
 76642 | Zig:25   | Killed Seiragiv the pandemonium lord
 76644 | Zig:25   | Killed Garuolu the pandemonium lord
 76645 | Zig:25   | Killed Elileit the pandemonium lord
 76656 | Zig:25   | Noticed Laghu the pandemonium lord
 76660 | Zig:25   | Noticed Quegenu the pandemonium lord
 76661 | Zig:25   | Killed Laghu the pandemonium lord
 76665 | Zig:25   | Killed Quegenu the pandemonium lord
 76705 | Zig:25   | Noticed Qudaent the pandemonium lord
 76709 | Zig:25   | Killed Qudaent the pandemonium lord
 76811 | Zig:25   | Identified the staff "Ufaxuc" {rF+ Fire Earth Alchemy}
 76812 | Zig:25   | Identified the +4 great sword "Xoetu" {drain, rF+ Int+2}
 76817 | Zig:25   | Identified the ring "Huamogups" {rC+ Dex+6}
 76819 | Zig:25   | Identified the +4 orcbow "Umozoof" {speed, rC+}
 76826 | Zig:25   | Identified the +6 mace of Cischaq {vamp, Stlth+}
 76834 | Zig:25   | Identified the +1 flail "Veqimiv" {freeze, Str+9 Int+2}
 76836 | Zig:25   | Identified the +0 great sword of Yttar {drain, *Noise
                  | Will++ Int+8 Dex-4}
 76887 | Zig:25   | Learned a level 8 spell: Lehudib's Crystal Spear
 76888 | Zig:26   | Entered Level 26 of a ziggurat
 77028 | Zig:26   | Identified the +7 quarterstaff of Melaac {heavy, rPois
                  | Stlth+}
 77029 | Zig:26   | Identified the +5 eveningstar of Qazlal, Shouting {freeze,
                  | rN++ Str+3 Dex+6}
 77042 | Zig:26   | Identified the +1 long sword "Fuocil" {pain, rN+ rCorr}
 77050 | Zig:26   | Identified the +5 quarterstaff of Saawk {elec, Int+3}
 77055 | Zig:27   | Entered Level 27 of a ziggurat
 77102 | Zig:27   | Reached skill level 15 in Conjurations
 77181 | Zig:27   | Identified the staff of Vynloz {rElec rF+ Ice Air}
 77212 | Zig:27   | Identified the staff of Virtue {rF+ Will++ Str+3 Dex-5
                  | Fire}
 77218 | Zig:27   | Identified the ring of Vatsuklecw {rPois Str+7 Int-4
                  | Slay+2}
 77567 | Tomb:1   | Entered Level 1 of the Tomb of the Ancients
 77586 | Tomb:1   | Noticed a royal mummy
 77592 | Tomb:1   | Killed a royal mummy
 77619 | Tomb:1   | Noticed a royal mummy
 77622 | Tomb:1   | Noticed a royal mummy
 77624 | Tomb:1   | Killed a royal mummy
 77626 | Tomb:1   | Noticed a royal mummy
 77627 | Tomb:1   | Noticed a royal mummy
 77629 | Tomb:1   | Killed a royal mummy
 77629 | Tomb:1   | Killed a royal mummy
 77629 | Tomb:1   | Killed a royal mummy
 77630 | Tomb:1   | Noticed a royal mummy
 77632 | Tomb:1   | Noticed a royal mummy
 77635 | Tomb:1   | Killed a royal mummy
 77637 | Tomb:1   | Killed a royal mummy
 77639 | Tomb:1   | Noticed a royal mummy
 77642 | Tomb:1   | Killed a royal mummy
 77707 | Tomb:2   | Noticed a royal mummy
 77707 | Tomb:2   | Noticed a royal mummy
 77771 | Tomb:3   | Entered Level 3 of the Tomb of the Ancients
 77788 | Tomb:3   | Noticed a royal mummy
 77789 | Tomb:3   | Noticed a royal mummy
 77789 | Tomb:3   | Noticed a royal mummy
 77790 | Tomb:3   | Killed a royal mummy
 77791 | Tomb:3   | Reached skill level 10 in Axes
 77791 | Tomb:3   | Killed a royal mummy
 77791 | Tomb:3   | Killed a royal mummy
 77791 | Tomb:3   | Noticed a royal mummy
 77792 | Tomb:3   | Noticed a royal mummy
 77792 | Tomb:3   | Noticed a royal mummy
 77793 | Tomb:3   | Noticed a royal mummy
 77793 | Tomb:3   | Noticed a royal mummy
 77794 | Tomb:3   | Killed a royal mummy
 77795 | Tomb:3   | Killed a royal mummy
 77795 | Tomb:3   | Killed a royal mummy
 77795 | Tomb:3   | Noticed a royal mummy
 77796 | Tomb:3   | Killed a royal mummy
 77796 | Tomb:3   | Killed a royal mummy
 77799 | Tomb:3   | Killed a royal mummy
 77820 | Tomb:3   | Identified the amulet "Hepapt" {RegenMP *Slow rC+ Str+2}
 77823 | Tomb:3   | Identified the ring "Ipsateaw" {*Corrode Fly rF+ rC++
                  | Will+}
 77825 | Tomb:3   | Identified the +2 helmet "Earthly Heaven" {^Contam Fly rC+}
 77828 | Tomb:3   | Identified the +0 hat of the End {rPois Dex+3 SInv}
 77835 | Tomb:3   | Learned a level 1 spell: Apportation
 77837 | Tomb:3   | Identified the staff "Muanenoi" {rElec rC+ Str-3 Int+3 Ice}
 77874 | Tomb:3   | Got a golden rune of Zot
 77874 | Tomb:3   | Got a sanguine gem with 1395 turns to spare
 77925 | Tomb:2   | Noticed a royal mummy
 77927 | Tomb:2   | Killed a royal mummy
 77929 | Tomb:2   | Killed a royal mummy
 77930 | Tomb:2   | Killed a royal mummy
 77936 | Tomb:2   | Noticed a royal mummy
 77944 | Tomb:2   | Killed a royal mummy
 77979 | Tomb:1   | Noticed a royal mummy
 77979 | Tomb:1   | Noticed a royal mummy
 77981 | Tomb:1   | Noticed a royal mummy
 77989 | Tomb:1   | Noticed a royal mummy
 77991 | Tomb:1   | Killed a royal mummy
 78355 | Pan      | Entered Pandemonium
 78414 | Pan      | Noticed Haog Hant the pandemonium lord
 78422 | Pan      | Killed Haog Hant the pandemonium lord
 78424 | Pan      | Reached skill level 5 in Translocations
 78656 | Pan      | Entered the realm of Mnoleg.
 78720 | Pan      | Noticed Mnoleg
 78726 | Pan      | Killed Mnoleg
 78849 | Pan      | Reached skill level 10 in Translocations
 78966 | Pan      | Got a glowing rune of Zot
 79027 | Pan      | Reached skill level 1 in Staves
 79145 | Pan      | Noticed Hoosobuy the pandemonium lord
 79150 | Pan      | Killed Hoosobuy the pandemonium lord
 79586 | Pan      | Noticed Ignacio
 79592 | Pan      | Killed Ignacio
 79593 | Pan      | Reached skill level 15 in Axes
 79622 | Pan      | Noticed Roitaoh the pandemonium lord
 79628 | Pan      | Killed Roitaoh the pandemonium lord
 80107 | Pan      | Gained mutation: You are vulnerable to cold. (rC-) [a
                  | cacodemon]
 80119 | Pan      | Found a runed translucent door.
 80135 | Pan      | Got a demonic rune of Zot
 80256 | Pan      | Noticed Ymniosip the pandemonium lord
 80260 | Pan      | Killed Ymniosip the pandemonium lord
 80542 | Pan      | Entered the realm of Lom Lobon.
 80560 | Pan      | Noticed Mennas
 80640 | Pan      | Killed Mennas
 80789 | Pan      | Noticed Lom Lobon
 80801 | Pan      | Killed Lom Lobon
 80820 | Pan      | Got a magical rune of Zot
 80918 | Pan      | Entered the realm of Gloorx Vloq.
 80996 | Pan      | Noticed Gloorx Vloq
 81003 | Pan      | Killed Gloorx Vloq
 81030 | Pan      | Got a dark rune of Zot
 81121 | Pan      | Found an exit through the horrors of the Abyss.
 81308 | Pan      | Found an exit through the horrors of the Abyss.
 81585 | Pan      | Entered the realm of Cerebov.
 81751 | Pan      | Reached skill level 15 in Translocations
 81929 | Pan      | Found the +6 sword of Cerebov {flame}
 81929 | Pan      | Noticed Cerebov
 81931 | Pan      | Identified the +5 dagger of Distant Shores {speed, Int+4}
 81931 | Pan      | Identified the ring of Scepticism {rN+ AC+4 Dex+3 Stlth+}
 81993 | Pan      | Killed Cerebov
 82008 | Pan      | Got a fiery rune of Zot
 82027 | Pan      | Identified the +1 tower shield "Lasidd" {rC+}
 82042 | Pan      | Identified the ring of Lazur {rElec Int-5 Dex+6 Stlth+}
 82069 | Pan      | Identified the +7 chain mail of the Aged Ziggurats {rF- rC+
                  | Int+3 Slay+3}
 82071 | Pan      | Identified the staff of the Fifty Youths {rF+ Conj}
 82106 | Pan      | Found an exit through the horrors of the Abyss.
 82190 | Pan      | Took an exit into the Abyss.
 82190 | Abyss:1  | Escaped into the Abyss
 82303 | Abyss:1  | Found a corrupted altar of Lugonu.
 82405 | Abyss:1  | Noticed a dread lich
 82407 | Abyss:1  | Killed a dread lich
 82475 | Abyss:2  | Found a sacrificial altar of Ru.
 82575 | Abyss:2  | Found a corrupted altar of Lugonu.
 82588 | Abyss:2  | Found a corrupted altar of Lugonu.
 82591 | Abyss:2  | Found a corrupted altar of Lugonu.
 82591 | Abyss:2  | Found a corrupted altar of Lugonu.
 82592 | Abyss:2  | Found a corrupted altar of Lugonu.
 82621 | Abyss:2  | Noticed Zumnupely the pandemonium lord
 82625 | Abyss:2  | Killed Zumnupely the pandemonium lord
 82744 | Abyss:2  | Found a shimmering altar of Xom.
 82744 | Abyss:2  | Found a shimmering altar of Xom.
 82744 | Abyss:2  | Found a shimmering altar of Xom.
 82746 | Abyss:2  | Found a shimmering altar of Xom.
 82746 | Abyss:2  | Found a corrupted altar of Lugonu.
 82746 | Abyss:2  | Found a shimmering altar of Xom.
 82749 | Abyss:2  | Found a shimmering altar of Xom.
 82749 | Abyss:2  | Found a shimmering altar of Xom.
 82750 | Abyss:2  | Found a shimmering altar of Xom.
 82750 | Abyss:2  | Found a shimmering altar of Xom.
 82750 | Abyss:2  | Found a shimmering altar of Xom.
 82751 | Abyss:2  | Found a shimmering altar of Xom.
 82751 | Abyss:2  | Found a shimmering altar of Xom.
 82752 | Abyss:2  | Found a shimmering altar of Xom.
 82757 | Abyss:2  | Found a shimmering altar of Xom.
 82757 | Abyss:2  | Found a shimmering altar of Xom.
 82757 | Abyss:2  | Found a corrupted altar of Lugonu.
 82757 | Abyss:2  | Found a shimmering altar of Xom.
 82757 | Abyss:2  | Found a shimmering altar of Xom.
 82757 | Abyss:2  | Found a shimmering altar of Xom.
 82757 | Abyss:2  | Found a shimmering altar of Xom.
 82757 | Abyss:2  | Found a shimmering altar of Xom.
 82757 | Abyss:2  | Found a shimmering altar of Xom.
 82757 | Abyss:2  | Found a shimmering altar of Xom.
 82757 | Abyss:2  | Found a shimmering altar of Xom.
 82757 | Abyss:2  | Found a shimmering altar of Xom.
 82757 | Abyss:2  | Found a shimmering altar of Xom.
 82757 | Abyss:2  | Found a shimmering altar of Xom.
 82757 | Abyss:2  | Found a shimmering altar of Xom.
 82757 | Abyss:2  | Found a shimmering altar of Xom.
 82757 | Abyss:2  | Found a corrupted altar of Lugonu.
 82757 | Abyss:2  | Found a shimmering altar of Xom.
 82757 | Abyss:2  | Found a shimmering altar of Xom.
 82757 | Abyss:2  | Found a shimmering altar of Xom.
 82757 | Abyss:2  | Found a shimmering altar of Xom.
 82757 | Abyss:2  | Found a shimmering altar of Xom.
 82757 | Abyss:2  | Found a shimmering altar of Xom.
 82757 | Abyss:2  | Found a shimmering altar of Xom.
 82757 | Abyss:2  | Found a shimmering altar of Xom.
 82757 | Abyss:2  | Found a shimmering altar of Xom.
 82757 | Abyss:2  | Found a shimmering altar of Xom.
 82757 | Abyss:2  | Found a shimmering altar of Xom.
 82829 | Depths:2 | Escaped the Abyss
 82831 | Pan      | Entered Pandemonium
 82854 | Pan      | Found an exit through the horrors of the Abyss.
 82917 | Pan      | Noticed Iwusupn the pandemonium lord
 82920 | Pan      | Killed Iwusupn the pandemonium lord
 82928 | Depths:2 | Escaped Pandemonium
 83080 | Depths:3 | Voluntarily entered the Abyss.
 83200 | Abyss:3  | Learned a level 3 spell: Passwall
 83275 | Abyss:3  | Found a bloodstained altar of Trog.
 83537 | Abyss:3  | Got an abyssal rune of Zot
 83581 | Depths:3 | Escaped the Abyss
 83659 | Coc:1    | Entered Level 1 of Cocytus
 83839 | Coc:2    | Noticed a dread lich
 83845 | Coc:2    | Killed a dread lich
 84026 | Coc:5    | Paralysed by a wendigo for 1 turns
 84204 | Coc:7    | Entered Level 7 of Cocytus
 84562 | Coc:7    | Noticed the Serpent of Hell
 84567 | Coc:7    | Killed the Serpent of Hell
 84779 | Coc:7    | Identified the +8 spear of Nuffeeph {flame, rC++ Dex+3}
 84780 | Coc:7    | Identified the +1 plate armour of the Accordion {Dex+3}
 84820 | Coc:7    | Identified the +1 lajatang of the Valley {freeze, Str-3
                  | Dex+8}
 84820 | Coc:7    | Noticed Antaeus
 84828 | Coc:7    | Killed Antaeus
 84988 | Coc:7    | Got an icy rune of Zot
 85182 | Tar:1    | Entered Level 1 of Tartarus
 85795 | Tar:5    | Noticed a dread lich
 85797 | Tar:5    | Killed a dread lich
 86211 | Tar:7    | Entered Level 7 of Tartarus
 86338 | Tar:7    | Identified the +11 shortbow "Wuhuxiss" {antimagic, ^Fragile
                  | rPois Will+ Str+2}
 86341 | Tar:7    | Identified the +8 mace of Tumult {heavy, Str+3 Int+3}
 86435 | Tar:7    | Identified the +3 sling of the Many Xenops {heavy, ^Drain
                  | +Blink Will+ Int+8}
 86625 | Tar:7    | Reached skill level 27 in Translocations
 86628 | Tar:7    | Identified the +1 plate armour "Vaasiol" {rPois Str+7
                  | Dex-4}
 86631 | Tar:7    | Identified the +0 plate armour of Forking Paths {rF+ rC+}
 86829 | Tar:7    | Noticed an ancient lich
 86829 | Tar:7    | Noticed a dread lich
 86830 | Tar:7    | Noticed a dread lich
 86831 | Tar:7    | Killed a dread lich
 86833 | Tar:7    | Killed an ancient lich
 86836 | Tar:7    | Killed a dread lich
 86897 | Tar:7    | Found the +9 sword of Power {lifebolt}
 87065 | Tar:7    | Noticed Ereshkigal
 87073 | Tar:7    | Killed Ereshkigal
 87091 | Tar:7    | Got a bone rune of Zot
 87223 | Geh:1    | Entered Level 1 of Gehenna
 87264 | Geh:2    | Noticed an ancient lich
 87268 | Geh:2    | Killed an ancient lich
 87269 | Geh:2    | Reached skill level 27 in Fighting
 87498 | Geh:4    | Noticed a dread lich
 87502 | Geh:4    | Killed a dread lich
 87959 | Geh:6    | Noticed a dread lich
 87960 | Geh:6    | Killed a dread lich
 88142 | Geh:7    | Entered Level 7 of Gehenna
 88696 | Geh:7    | Found the +13 sceptre of Asmodeus
 88696 | Geh:7    | Noticed Asmodeus
 88705 | Geh:7    | Killed Asmodeus
 88715 | Geh:7    | Got an obsidian rune of Zot
 88774 | Geh:7    | Identified the amulet "Pubifas" {RegenMP Dex+6 Stlth+}
 89003 | Dis:1    | Entered Level 1 of the Iron City of Dis
 89079 | Dis:1    | Learned a level 5 spell: Lee's Rapid Deconstruction
 89243 | Dis:2    | You are sucked into a shaft and drop 2 floors!
 89247 | Dis:4    | Reached skill level 27 in Spellcasting
 89603 | Dis:7    | Entered Level 7 of the Iron City of Dis
 89819 | Dis:7    | Noticed a juggernaut
 89820 | Dis:7    | Reached skill level 27 in Earth Magic
 89825 | Dis:7    | Killed a juggernaut
 89901 | Dis:7    | Identified the +4 long sword of Wu Jian's Hatred {holy,
                  | ^Drain +Blink rCorr}
 89905 | Dis:7    | Identified the staff "Goblinslayer" {Fly rCorr Int+4 Earth}
 90385 | Dis:7    | Identified the +1 great sword of the Hawk {antimagic,
                  | Str+3}
 90387 | Dis:7    | Got an iron rune of Zot
 90685 | Zot:5    | Noticed an orb of fire
 90689 | Zot:5    | Killed an orb of fire
 90711 | Zot:5    | Noticed an ancient lich
 90713 | Zot:5    | Killed an ancient lich
 90714 | Zot:5    | Reached skill level 15 in Stealth
 90844 | Zot:5    | Noticed a dread lich
 90847 | Zot:5    | Killed a dread lich
 90918 | Zot:5    | Noticed an orb of fire
 90923 | Zot:5    | Killed an orb of fire
 90930 | Zot:5    | Noticed a dread lich
 90937 | Zot:5    | Killed a dread lich
 91097 | Zot:5    | Got the Orb of Zot
 91120 | Zot:5    | Noticed Abesmokk the pandemonium lord
 91122 | Zot:5    | Killed Abesmokk the pandemonium lord
 91559 | D:5      | Noticed Pumedu Qico the pandemonium lord
 91560 | D:5      | Killed Pumedu Qico the pandemonium lord
 91653 | D:1      | Learned a level 3 spell: Hailstorm
 91655 | D:$      | Escaped with the Orb!

Illustrated notes

Levels and vault maps discovered:
D:1:      onia_arrival_mini_maze, layout_loops_corners,
          dilly_ecumenical_altar_fadedgnrine, serial_glass, glass_columns_a,
          glass_columns_c
D:2:      layout_loops_ring, serial_shops, nicolae_diamond_shop
D:3:      layout_basic, mainiacjoe_overflow_six_doors_small
D:4:      layout_loops_ring, marbit_many_paths, serial_shops, shop
D:5:      layout_gridville, mainiacjoe_overflow_paths, makhleb_heckhound_becter,
          chequers_temple_overflow_statue_of_worship,
          minmay_temple_entry_gardened_gates
D:6:      layout_basic, mainiacjoe_overflow_alcove_1, lemuel_crystal_altar,
          uniq_sigmund
D:7:      layout_basic, trog_ov_bears_minmay, roderic_roman_lattice,
          nicolae_hexahallways, uniq_maurice
D:8:      layout_loops_ring, mainiacjoe_overflow_concentric_impassable,
          general_overflow_altar, pdpol_wu_jian_five_deadly_venoms,
          nicolae_overflow_hidden_temple, uniq_pikel, uniq_grum
D:9:      layout_basic, mainiacjoe_overflow_small_starburst,
          erik_lair_orcish_takeover, david_orc_2, nicolae_shop_unique_rings
D:10:     layout_small_grid, kennysheep_mini
D:11:     layout_loops_cross, ebering_ghost_gozag
D:12:     layout_loops_corners, portal_ice_cave_demonic_guard
D:13:     layout_big_octagon, doesnt_xom_only_xom, uniq_sonja
D:14:     layout_rooms, kennysheep_big_empty_room
D:15:     gammafunk_depths_entry_grave, layout_stronghold, enter_trove_0,
          chequers_arboretum, uniq_agnes
Lair:1:   layout_concentric_octagons, enter_volcano_2, evilmike_ambush
          [evilmike_ambush_outer_doors, evilmike_ambush_inner_basic],
          infiniplex_staircase_pool
Lair:2:   layout_regular_city, minmay_shoals_entry_hut,
          nicolae_spider_entry_tight_spaces, grunt_megastairs_3
Lair:3:   layout_misc_corridors, grunt_megastairs_5
Lair:4:   statuecave_lemuel, layout_cave_shapes, st_stairs_6,
          nicolae_lair_run_with_the_wolves, uniq_nessos, uniq_josephine,
          uniq_kirke
Lair:5:   cheibrodos_lair_end_hotspot, layout_regular_city, slime_entry_1,
          lemuel_fruit_tree, serial_bayou_shore_b
Shoals:1: layout_shoals, nicolae_shoals_kraken_intersection, uniq_mlioglotl
Shoals:2: layout_shoals
Shoals:3: layout_shoals, uniq_roxanne, uniq_ilsuiw
Shoals:4: shoals_end_hellmonk_holy_island
Spider:1: nicolae_spider_broodchamber, uniq_jorgrun, uniq_rupert
Spider:2: layout_spider_delve
Spider:3: layout_spider_delve
Spider:4: hellmonk_spider_rune_bug_friends, nicolae_spider_swamp_cousins
Slime:1:  layout_caves
Slime:2:  layout_caves
Slime:3:  layout_caves
Slime:4:  layout_caves
Slime:5:  slime_pit_nicolae_inversion
Orc:1:    layout_caves, guppyfry_library_mini, uniq_snorg
Orc:2:    st_orc_ogre_mass, layout_diamond_mine, gauntlet_entry_generic
Elf:1:    layout_gridlike, serial_shops, nicolae_take_the_stairs,
          minmay_elf_crystal_hexagon
Elf:2:    nicolae_elf_blades_splatter_lattice
          [nicolae_blade_entry_crossed_weapons], layout_rooms, serial_shops,
          nicolae_shop_back_alley_shop
Elf:3:    minmay_elf_hall_not_hex, layout_rooms, grunt_megastairs_1
Vaults:1: nicolae_vaults_antechamber_and_loot_room,
          ontoclasm_vaults_ring_square, nicolae_vaults_bisected_slash,
          ontoclasm_vaults_loading_screen, v_pattern_2, nicolae_vaults_alarming,
          nicolae_vaults_storage_closets_2, ontoclasm_vaults_misaligned,
          vaults_room_grunt_arrival_ludios, v_misc_9, layout_vaults_ring
Vaults:2: nicolae_vaults_shrinking_rooms_2, minmay_crypt_entry_simple_round,
          hangedman_vaults_slither, nicolae_vaults_diamond_1,
          hangedman_vaults_stream, nicolae_vaults_network_quincunx
          [nicolae_vaults_network_quincunx_subvault,
          nicolae_vaults_network_quincunx_subvault,
          nicolae_vaults_network_quincunx_subvault,
          nicolae_vaults_network_quincunx_subvault,
          nicolae_vaults_network_quincunx_subvault], nicolae_vaults_house_3,
          vaults_mumra_hex, layout_vaults_omnibox
Vaults:3: advil_vaults_ghost_lines, vaults_mumra_lcd, v_misc_3,
          ontoclasm_vaults_chip, v_pattern_4,
          nicolae_vaults_taking_the_gang_shopping,
          nicolae_vaults_closet_pinwheel_4, nicolae_vaults_ring_of_whatevers,
          nicolae_vaults_windows_and_doors_thing, layout_vaults_omnigrid
Vaults:4: nicolae_vaults_door_testing_chamber, v_misc_27, v_rooms_2,
          nicolae_vaults_cochlea, vaults_room_fours,
          nicolae_vaults_sesquioval_fish, grunt_vaults_hallway_long,
          nicolae_vaults_variable_pillar_hall, hangedman_vaults_maws,
          nicolae_vaults_asterisk, nicolae_vaults_trapezoid_lopsided_1,
          layout_vaults_omnicross, uniq_zenata
Vaults:5: uniq_jory
Crypt:1:  layout_regular_city
Crypt:2:  layout_chaotic_city, skrybe_necro_troll_1, uniq_xtahua, uniq_sojobo,
          uniq_boris
Crypt:3:  grunt_crypt_end_deaths_head, uniq_frederick
Tomb:1
Tomb:2
Tomb:3
Depths:1: layout_gridville, grunt_hell_entry_dis_grunt, fedhas_altar_1,
          grunt_decor_junction, kennysheep_inner_square
Depths:2: kb_forest_paths, layout_twisted_cross, enter_ziggurat_f,
          grunt_pan_entry_in_and_out, hell_entry, minmay_misc_feat_encased
Depths:3: gammafunk_dig_for_victory, layout_cave_pools, serial_bayou_pond_c,
          hell_entry, abyss_entry_flame_altar, uniq_josephina
Depths:4: grunt_zot_entry_funnels, layout_cave_shapes, hell_entry,
          minmay_misc_feat_ornament, abyss_entry,
          lemuel_zombie_altar_kikubaaqudgha, uniq_margery
Hell
Dis:1:    layout_overlapping_boxes, nicolae_dis_scattering
Dis:2:    layout_gridville
Dis:4:    layout_subdivisions
Dis:5:    layout_jigsaw
Dis:6:    layout_jigsaw, nicolae_dis_metal_lava_thing
Dis:7:    dis_st
Geh:1:    layout_gehenna_pools_basic, nicolae_geh_lava_shack
Geh:2:    layout_gehenna_pools_basic
Geh:3:    layout_gehenna_lava_caves
Geh:4:    layout_gehenna_pools_triple
Geh:5:    layout_gehenna_pools_basic
Geh:6:    layout_gehenna_pools_box
Geh:7:    geh_grunt
Coc:1:    layout_ice_bergs
Coc:2:    layout_ice_bergs
Coc:3:    layout_ice_bergs
Coc:4:    layout_ice_bergs
Coc:5:    layout_cocytus_delve
Coc:6:    layout_cocytus_delve
Coc:7:    coc_old
Tar:1:    layout_catacombs
Tar:2:    layout_grid_maze, nicolae_hells_hurtin_island
Tar:3:    layout_honeycomb
Tar:4:    layout_catacombs, nicolae_tar_honey_chapel
Tar:5:    layout_grid_maze
Tar:6:    hangedman_tartarus_temple_path, layout_cathedral_of_symmetry,
          nicolae_tar_cuneiform_three
Tar:7:    tar_old
Zot:1:    layout_gridlike, regret_index_zotdec_silver_v_v_orig_slice,
          hangedman_zot_decor_tridents
Zot:2:    layout_gridlike, regret_index_zotdec_zees, st_small_dragon_hoard_3
Zot:3:    layout_cathedral_of_symmetry, hangedman_zot_decor_scrapings,
          skrybe_zot_glass_1
Zot:4:    layout_twisted_circle, regret_index_zot_stipple_split, lemuel_elevator
Zot:5:    layout_cathedral_of_symmetry, lemuel_baited_zot_trap,
          nicolae_transporter_intersection

Skill      XL: |  1  2  3  4  5  6  7  8  9 10 11 12 13 14 15 16 17 18 19 20 21 22 23 24 25 26 27 |
---------------+----------------------------------------------------------------------------------+-----
Stealth        | 3 4 5 6 8 10 12 21 | 21.3
Conjurations   | 2 3 4 5 6 8 9 10 11 12 20 | 20.0
Spellcasting   | 4 5 6 10 12 13 14 15 16 27 | 27.0
Air Magic      | 1 2 |  2.0
Alchemy        | 1 3 4 9 10 | 10.0
Translocations | 2 27 | 27.0
Fighting       | 2 4 8 10 12 13 14 16 18 20 27 | 27.0
Dodging        | 3 4 5 6 9 10 13 15 16 20 | 20.0
Ice Magic      | 2 |  2.0
Fire Magic     | 8 15 16 20 | 20.0
Evocations     | 2 4 8 12 18 | 18.0
Shapeshifting  | 3 10 14 16 18 20 23 | 23.0
Earth Magic    | 8 10 12 27 | 27.0
Shields        | 6 |  6.0
Hexes          | 2 4 |  4.0
Axes           | 18 | 18.0
Staves         | 4 |  4.0
Summonings     | |  1.0

Action                     |  1- 3 |  4- 6 |  7- 9 | 10-12 | 13-15 | 16-18 | 19-21 | 22-24 | 25-27 || total
---------------------------+-------+-------+-------+-------+-------+-------+-------+-------+-------++-------
  Melee: Dagger            |     3 |       |       |       |       |       |       |       |       ||     3
         Short sword       |    21 |    45 |   138 |   366 |    41 |       |       |       |       ||   611
         Constrict         |     4 |    14 |    19 |    59 |    14 |    26 |     8 |     1 |    47 ||   192
         Tentacles         |     3 |     9 |    42 |   122 |    17 |    32 |     8 |     1 |   122 ||   356
         Unarmed           |       |       |       |     5 |       |       |       |       |       ||     5
         Staff             |       |       |       |       |     5 |    80 |    19 |     2 |   173 ||   279
         Demon blade       |       |       |       |       |    12 |     7 |       |     1 |       ||    20
         War axe           |       |       |       |       |     2 |       |       |       |       ||     2
         Kick              |       |       |       |       |       |       |       |       |   183 ||   183
         Broad axe         |       |       |       |       |       |       |       |       |   116 ||   116
  Throw: Dart              |       |       |     1 |     3 |    12 |     2 |       |       |     1 ||    19
         Stone             |       |       |       |     4 |       |       |       |       |       ||     4
         Boomerang         |       |       |       |     1 |       |       |       |       |       ||     1
         Throwing net      |       |       |       |       |       |       |       |     1 |     1 ||     2
   Cast: Magic Dart        |   109 |   111 |   259 |   288 |    23 |     7 |       |       |       ||   797
         Mephitic Cloud    |       |     7 |    16 |    40 |    11 |       |       |       |       ||    74
         Blink             |       |       |     4 |       |     6 |     3 |       |       |     3 ||    16
         Hailstorm         |       |       |       |    15 |       |       |       |       |     1 ||    16
         Fulminant Prism   |       |       |       |   110 |    92 |     2 |       |       |       ||   204
         Fireball          |       |       |       |     9 |   334 |   252 |    16 |       |       ||   611
         Olgreb's Toxic Ra |       |       |       |     9 |    78 |   122 |   132 |    24 |    18 ||   383
         Eringya's Noxious |       |       |       |       |    23 |     4 |     3 |     2 |     4 ||    36
         Ignite Poison     |       |       |       |       |       |    61 |    99 |    18 |    19 ||   197
         Bombard           |       |       |       |       |       |    62 |    64 |   138 |   479 ||   743
         Starburst         |       |       |       |       |       |   117 |   154 |   234 |   411 ||   916
         Irradiate         |       |       |       |       |       |       |    14 |    24 |    83 ||   121
         Iskenderun's Myst |       |       |       |       |       |       |     1 |     8 |    31 ||    40
         Ignition          |       |       |       |       |       |       |     1 |    44 |   422 ||   467
         Yara's Violent Un |       |       |       |       |       |       |       |    10 |    23 ||    33
         Lehudib's Crystal |       |       |       |       |       |       |       |       |   986 ||   986
         Shatter           |       |       |       |       |       |       |       |       |   138 ||   138
         Apportation       |       |       |       |       |       |       |       |       |    24 ||    24
         Lee's Rapid Decon |       |       |       |       |       |       |       |       |     4 ||     4
Ability: Begin Untransform |       |       |       |       |       |       |       |       |     2 ||     2
  Evoke: Sack of spiders   |       |       |       |     1 |     1 |       |       |       |     1 ||     3
         Wand              |       |       |       |     4 |     3 |     3 |       |       |    84 ||    94
         Phial of floods   |       |       |       |       |     2 |     1 |       |       |       ||     3
         Phantom mirror    |       |       |       |       |       |     1 |       |       |     1 ||     2
    Use: Scroll            |       |     4 |     3 |     9 |     7 |    15 |    14 |       |    52 ||   104
         Potion            |       |       |       |     5 |     3 |       |     2 |     1 |    64 ||    75
   Stab: Sleeping          |     1 |     2 |     1 |     2 |     2 |       |       |       |     2 ||    10
         Confused          |       |     2 |     3 |    23 |     3 |       |       |       |       ||    31
         Distracted        |       |       |       |       |       |       |       |       |     2 ||     2
 Armour: Skin              |     9 |     9 |    69 |   286 |   107 |   302 |   129 |   240 |  1400 ||  2551
  Dodge: Dodged            |    27 |    27 |   148 |   374 |   147 |   336 |   183 |   248 |  1371 ||  2861
  Block: Buckler           |       |       |       |       |       |    50 |    80 |   113 |    33 ||   276
   Form: Statue            |       |       |       |       |       |     2 |       |       |     5 ||     7
                           |       |       |       |       |       |     1 |       |       |     8 ||     9
         Death             |       |       |       |       |       |       |       |       |    10 ||    10

Table legend: (Time is in decaauts)
 A = Elapsed time spent in this place.
 B = Non-inter-level travel time spent in this place.
 C = Inter-level travel time spent in this place.
 D = Time resting spent in this place.
 E = Time spent auto-exploring this place.
 F = Levels seen in this place.
 G = Mean time per level.
                   A        B        C        D        E       F      G
               +--------+--------+--------+--------+--------+-----+--------+
         Total | 114388 | 104392 |   9996 |  15971 |  55844 | 143 |  799.9 |
       Dungeon |  24099 |  20822 |   3277 |   3484 |   8927 |  15 | 1606.6 |
          Lair |  11683 |  10025 |   1658 |   2522 |   5646 |   5 | 2336.6 |
        Shoals |   7384 |   6925 |    459 |    738 |   5145 |   4 | 1846.0 |
   Spider Nest |   8826 |   8355 |    471 |    228 |   6762 |   4 | 2206.5 |
    Slime Pits |    602 |    562 |     40 |    103 |      0 |   5 |  120.4 |
  Orcish Mines |   2622 |   2189 |    433 |    462 |   1252 |   2 | 1311.0 |
   Elven Halls |   5869 |   5511 |    358 |    924 |   3171 |   3 | 1956.3 |
        Vaults |  10621 |   9959 |    662 |    502 |   7361 |   5 | 2124.2 |
         Crypt |   5558 |   5148 |    410 |    393 |   3841 |   3 | 1852.7 |
          Tomb |    564 |    564 |      0 |      4 |      0 |   3 |  188.0 |
        Depths |   7259 |   6305 |    954 |    417 |   4594 |   4 | 1814.8 |
          Hell |   1138 |    944 |    194 |    124 |    588 |   1 | 1138.0 |
           Dis |   2149 |   1990 |    159 |    894 |    109 |   6 |  358.2 |
       Gehenna |   1692 |   1653 |     39 |    825 |      0 |   7 |  241.7 |
       Cocytus |   1485 |   1266 |    219 |    514 |     69 |   7 |  212.1 |
      Tartarus |   1990 |   1833 |    157 |    819 |    282 |   7 |  284.3 |
           Zot |   7842 |   7341 |    501 |    430 |   5670 |   5 | 1568.4 |
         Abyss |   1144 |   1144 |      0 |     50 |      0 |   4 |  286.0 |
   Pandemonium |   4122 |   4122 |      0 |    877 |      0 |  22 |  187.4 |
      Ziggurat |   4698 |   4698 |      0 |    460 |   1894 |  27 |  174.0 |
         Trove |     58 |     58 |      0 |      0 |      0 |   1 |   58.0 |
      Ice Cave |   1438 |   1438 |      0 |    396 |    529 |   1 | 1438.0 |
       Volcano |    951 |    951 |      0 |    636 |      0 |   1 |  951.0 |
      Gauntlet |    584 |    584 |      0 |    166 |      0 |   1 |  584.0 |
               +--------+--------+--------+--------+--------+-----+--------+

Top non-repeatable levels by time:
Spider:4: 3399 daAuts
   Elf:3: 3111 daAuts
  Lair:5: 2900 daAuts
     D:1: 2746 daAuts
  Lair:1: 2716 daAuts
Spider:1: 2634 daAuts
Vaults:5: 2624 daAuts
Shoals:4: 2430 daAuts
 Crypt:3: 2394 daAuts
  Lair:2: 2334 daAuts
     D:7: 2315 daAuts
     D:9: 2286 daAuts
Vaults:4: 2267 daAuts
  Lair:4: 2186 daAuts
Vaults:3: 2131 daAuts
